Workbook
Name \0: #REF!
Name \0: #REF!
Name \a: #REF!
Name \a: #REF!
Name \c: #REF!
Name \I: #REF!
Name \s: #REF!
Name \S: #REF!
Name \x: #REF!
Name \z: #REF!
Name _\0: #REF!
Name _\1: #REF!
Name _\2: #REF!
Name _\a: #REF!
Name _\I: #REF!
Name _\m: #REF!
Name _\p: #REF!
Name _\s: #REF!
Name __\c: #REF!
Name __\P: #REF!
Name __\x: #REF!
Name ___\P: #REF!
Name ___\z: #REF!
Name ____\0: #REF!
Name ____\a: #REF!
Name ____\I: #REF!
Name ____\S: #REF!
Name ____\z: #REF!
Name _____\z: #REF!
Name ______\S: #REF!
Name _______\I: #REF!
Name ________\0: #REF!
Name ________\1: #REF!
Name ________\2: #REF!
Name ________\a: #REF!
Name ________\I: #REF!
Name ________\m: #REF!
Name ________\p: #REF!
Name ________\s: #REF!
Name ___________________________PM334: #REF!
Name ___________________________PM335: #REF!
Name ___________________________pm346: #REF!
Name ___________________________PM406: #REF!
Name ___________________________PM970: #REF!
Name __________________________OUT98: #REF!
Name __________________________PL1: #REF!
Name __________________________PM334: #REF!
Name __________________________PM335: #REF!
Name __________________________pm346: #REF!
Name __________________________PM406: #REF!
Name __________________________PM970: #REF!
Name _________________________OUT98: #REF!
Name _________________________PM334: #REF!
Name _________________________PM335: #REF!
Name _________________________pm346: #REF!
Name _________________________PM406: #REF!
Name _________________________PM970: #REF!
Name ________________________OUT98: #REF!
Name ________________________PM334: #REF!
Name ________________________PM335: #REF!

Sheet Auxiliar equipamento
N1: 27/06/2024 - 14:19
A5: Tabela:
A6: Tabela:
A8: Taxa de juros: 6,00 %
A10: Combustíveis: Energia (kwh) = R$ 0,920 Gasolina = R$ 4,920 Nenhum = R$ 0,000 Óleo Diesel = R$ 5,130
A12: 01 - EQUIPAMENTO
A13: Código Auxiliar | B13: Descrição do Equipamento | C13: Unid. | D13: Pot | E13: V.Ut | F13: Hr/ano | G13: Residual | H13: Aquisição | I13: Coef | J13: Comb. | K13: Dep.juros | L13: Manut. | M13: Vl.Comb. | N13: M. Obra | O13: Vl.prod | P13: Vl.impr
A14: 30022 | B14: AQUECEDOR DE FLUÍDO TÉRMICO C/ CALDEIRA | C14: h | D14: 11 | E14: 8 | F14: 2500 | G14: 10 | H14: 683310.68 | I14: 0.6 | J14: Energia (kwh) | K14: 39.61 | L14: 20.49 | M14: 0 | N14: 0 | O14: 60.1 | P14: 39.61
A15: 30175 | B15: BALANÇA DIGITAL - CAPACIDADE 500 kg | C15: h | D15: 0 | E15: 3 | F15: 2000 | G15: 10 | H15: 4240.61 | I15: 0.5 | J15: Energia (kwh) | K15: 0.71 | L15: 0.35 | M15: 0 | N15: 0 | O15: 1.06 | P15: 0.71
A16: 30031 | B16: BETONEIRA DE 320L - DIESEL | C16: h | D16: 9 | E16: 6 | F16: 1750 | G16: 10 | H16: 7207.95 | I16: 0.6 | J16: Óleo Diesel | K16: 0.75 | L16: 0.41 | M16: 5.07 | N16: 0 | O16: 6.23 | P16: 0.75
A17: 30032 | B17: BETONEIRA DE 320L - ELÉTRICA | C17: h | D17: 5 | E17: 6 | F17: 1750 | G17: 10 | H17: 6500 | I17: 0.6 | J17: Energia (kwh) | K17: 0.67 | L17: 0.37 | M17: 0 | N17: 0 | O17: 1.04 | P17: 0.67
A18: 30180 | B18: BETONEIRA DE 600L - GASOLINA | C18: h | D18: 10 | E18: 5 | F18: 2000 | G18: 20 | H18: 37267.85 | I18: 0.6 | J18: Gasolina | K18: 3.53 | L18: 2.23 | M18: 17.22 | N18: 0 | O18: 22.98 | P18: 3.53
A19: 30141 | B19: BOMBA PARA INJEÇÃO DE ARGAMASSA - 50 l/min | C19: h | D19: 5 | E19: 5 | F19: 2000 | G19: 20 | H19: 41729.46 | I19: 0.7 | J19: Energia (kwh) | K19: 3.96 | L19: 2.92 | M19: 0 | N19: 0 | O19: 6.88 | P19: 3.96
A20: 30140 | B20: BOMBA PARA INJEÇÃO DE NATA DE CIMENTO | C20: h | D20: 2 | E20: 5 | F20: 2000 | G20: 20 | H20: 31587.36 | I20: 0.7 | J20: Energia (kwh) | K20: 2.99 | L20: 2.21 | M20: 0 | N20: 0 | O20: 5.2 | P20: 2.99
A21: 30050 | B21: CAMINHÃO APLICADOR DE MATERIAL TERMOPLÁSTICO | C21: h | D21: 233 | E21: 7 | F21: 2000 | G21: 40 | H21: 2044362.8 | I21: 0.9 | J21: Óleo Diesel | K21: 109.86 | L21: 131.42 | M21: 215.15 | N21: 25.25 | O21: 481.68 | P21: 135.11
A22: 30037 | B22: CAMINHÃO BASCULANTE 10 M3 - 15 T | C22: h | D22: 210 | E22: 6 | F22: 2000 | G22: 40 | H22: 855750.18 | I22: 0.9 | J22: Óleo Diesel | K22: 52.2 | L22: 64.18 | M22: 150.82 | N22: 20.55 | O22: 287.75 | P22: 72.75
A23: 30036 | B23: CAMINHÃO BASCULANTE 6 M3 - 10,5 T | C23: h | D23: 136 | E23: 6 | F23: 2000 | G23: 40 | H23: 591541.08 | I23: 0.9 | J23: Óleo Diesel | K23: 36.08 | L23: 44.36 | M23: 69.76 | N23: 20.55 | O23: 170.75 | P23: 56.63
A24: 30035 | B24: CAMINHÃO CARROCERIA MADEIRA - 15 T | C24: h | D24: 188 | E24: 7 | F24: 2000 | G24: 40 | H24: 711583.6 | I24: 0.9 | J24: Óleo Diesel | K24: 38.24 | L24: 45.74 | M24: 135.02 | N24: 20.55 | O24: 239.55 | P24: 58.79
A25: 30125 | B25: CAMINHÃO COM BATE ESTACAS HIDRÁULICO PARA DEFENSA | C25: h | D25: 136 | E25: 6 | F25: 2000 | G25: 40 | H25: 943158.51 | I25: 0.9 | J25: Óleo Diesel | K25: 57.54 | L25: 70.73 | M25: 125.58 | N25: 20.55 | O25: 274.4 | P25: 78.09
... A91: 30023 | B91: VIBROACABADORA DE ASFALTO SOBRE ESTEIRAS | C91: h | D91: 82 | E91: 7 | F91: 2000 | G91: 30 | H91: 3652511.3 | I91: 0.9 | J91: Óleo Diesel | K91: 229 | L91: 234.8 | M91: 75.71 | N91: 37.41 | O91: 576.92 | P91: 266.41
A92: SCO - Sistema de Custos e Orçamentos

Sheet PREMISSAS
A1: PREMISSAS ADOTADAS | F1: TOTAL EDITAL | G1: TOTAL CCL | H1: DIFERENÇA | I1: DESCONTO
F2: =#REF! -> #REF! | G2: =#REF! -> #REF! | H2: =F2-G2 -> #REF! | I2: =G2/F2-1 -> #REF!
A3: 1 | B3: BDI DE SERVIÇOS E FORNECIMENTOS REDUZIDOS | D3: EDITAL | E3: CCL
B4: BDI SERVIÇOS | D4: 0.206 | E4: 0.1955 | F4: =E4/D4-1 -> -0.050970874
B5: BDI FORNECIMENTOS | D5: 0.11852638 | E5: 0.0994 | F5: =E5/D5-1 -> -0.16136816
A7: 2 | B7: COTAÇÕES UTILIZADAS
B9: 40485 | C9: FORNECIMENTO DE EAI | D9: T | E9: DISBRAL
C10: PROPOSTA 07 OUTUBRO | D10: T | E10: ='Orçamento Sintético '!F84 -> 3605.04
C11: VALOR DO EDITAL | D11: T | E11: 3605.04 | F11: =E10/E11-1 -> 0
B13: 40510 | C13: FORNECIMENTO DE EMULSÃO RR-1C | D13: T | E13: EDITAL
C14: PROPOSTA 07 OUTUBRO | D14: T | E14: =E15 -> 3336.1
C15: VALOR DO EDITAL | D15: T | E15: 3336.1 | F15: =E14/E15-1 -> 0
B17: 40520 | C17: FORNECIMENTO DE CAP-30/45 | D17: T | E17: BETUNEL
C18: PROPOSTA 07 OUTUBRO | D18: T | E18: =E19 -> 4291.51
C19: VALOR DO EDITAL | D19: T | E19: 4291.51 | F19: =E18/E19-1 -> 0
B21: 40515 | C21: FORNECIMENTO DE CAP-60/85 COM POLÍMERO | D21: T | E21: DISBRAL
C22: PROPOSTA 07 OUTUBRO | D22: T | E22: =E23 -> 6188.22
C23: VALOR DO EDITAL | D23: T | E23: 6188.22 | F23: =E22/E23-1 -> 0
B25: 40490 | C25: FORNECIMENTO DE EMULSÃO RR-2C | D25: T | E25: NOTA FISCAL
C26: PROPOSTA 07 OUTUBRO | D26: T | E26: =E27 -> 3765.13
C27: VALOR DO EDITAL | D27: T | E27: 3765.13 | F27: =E26/E27-1 -> 0
A30: 3 | B30: COTAÇÃO DE BRITA
F31: DENSIDADE
C32: BRITA 0 | D32: M3 | E32: 93.63 | F32: 1.45
C33: BRITA 1 | D33: M3 | E33: 93.63 | F33: 1.45
C34: BRITA 2 | D34: M3 | E34: 93.63 | F34: 1.45
C35: PÓ DE BRITA | D35: M3 | E35: 93.63 | F35: 1.45
C36: PEDRA MARROADA | D36: M3 | E36: 93.63 | F36: 1.45
A39: 4 | B39: COTAÇÃO CIMENTO | D39: EDITAL | E39: CCL
B40: PROPOSTA VOTORANTIM | D40: 27.44 | E40: =TRUNC(D40/50,2) -> 0.54
A42: 5 | B42: COTAÇÃO BITS
B43: ROTA OESTE | D43: EDITAL | E43: CCL
C44: BITS P/ RECICLADORA | D44: 54.06 | E44: 51.21
C45: PORTA BIT P/ RECICLADORA | D45: 534.99 | E45: 507.4
A47: 7 | B47: ENCARGOS SOCIAIS | D47: EDITAL | E47: CCL
D48: 1.115 | E48: 1.115
A50: 8 | B50: DESCONTO EM ITENS QUE POSSUI NOTA FISCAL NA ADM E CANTEIRO
B52: LABORATÓRIO DE CONCRETO | D52: EDITAL | E52: CCL
B53: P & S PROJETOS E SERVIÇOS DE ENGENHARIA LTDA | D53: 4383.77 | E53: 3500
B55: CONE DE SINALIZAÇÃO | D55: EDITAL | E55: CCL
B56: CAPITÃO AMERICA - COMPRA RECENTE, PROPOSTA ASSINADA | D56: 104.12 | E56: 77.9
B58: ALOJAMENTO ENGENHEIROS | D58: EDITAL | E58: CCL
B59: RURALIS Imobiliária | D59: =Canteiro!#REF! -> #REF! | E59: 1700
B61: VEÍCULOS LEVES | D61: EDITAL | E61: CCL
B62: Veículo próprio | D62: 3191.26 | E62: =Administração!D34 -> 2393.44 | F62: =E62/D62-1 -> -0.25000157
A65: 9 | B65: LICENÇAS AMBIENTAIS
B66: PROPOSTA USADA NA LICITAÇÃO DA CONSERVA, PEDIDA A ATUALIZAÇÃO DA DATA
A68: 10 | B68: AREIA | D68: EDITAL | E68: CCL
B69: AREAL RIO CLARO | D69: 106.66 | E69: 60 | F69: =(D69-E69)/D69 -> 0.43746484 | G69: 8
A72: 11 | B72: ÓLEO COMBUSTÍVEL BPF (1A) - DENSIDADE 1,024kg/l | D72: EDITAL | E72: CCL
B73: FÊNIX | D73: 6.63 | E73: 4.05 | F73: =E73/D73-1 -> -0.38914027
A76: 12 | B76: SINALIZAÇÃO | D76: EDITAL | E76: CCL | F76: COTAÇÃO
B77: SINALIZAÇÃO HORIZONTAL COM RESINA ACRÍLICA | D77: ='Orçamento Sintético '!#REF! -> #REF! | E77: ='Orçamento Sintético '!F147 -> 33.11 | F77: 14.2 | G77: =E77/D77-1 -> #REF!
B78: TACHA REFLETIVA BIDIRECIONAL | D78: ='Orçamento Sintético '!#REF! -> #REF! | E78: ='Orçamento Sintético '!F148 -> 39.81 | F78: 12.7 | G78: =E78/D78-1 -> #REF!
B79: TACHA REFLETIVA MONODIRECIONAL | D79: ='Orçamento Sintético '!#REF! -> #REF! | E79: ='Orçamento Sintético '!F149 -> 36.33 | F79: 12.2 | G79: =E79/D79-1 -> #REF!
B80: SINALIZAÇÃO VERTICAL TOTALMENTE REFLETIVA PINTURA ELETR. | D80: ='Orçamento Sintético '!#REF! -> #REF! | E80: ='Orçamento Sintético '!F150 -> 641.14 | F80: 741 | G80: =E80/D80-1 -> #REF! | H80: somente por conta do equipamento
B81: SINALIZAÇÃO HORIZONTAL COM RESINAACRÍLICA EMULSIONADA EM ÁGUA (0,3mm) - SINALIZAÇÃO PROVISÓRIA | D81: ='Orçamento Sintético '!#REF! -> #REF! | E81: ='Orçamento Sintético '!F151 -> 14.45 | F81: 11.5 | G81: =E81/D81-1 -> #REF!
B83: VIA SINALIZAÇÃO
D85: EDITAL | E85: CCL
A86: 13 | B86: CAL PARA PINTURA (CAIAÇÃO) | D86: 0.92 | E86: 2.04 | F86: =D86/E86-1 -> -0.54901961
B87: CAL HIDRATADAO
A89: 14 | B89: CASCALHO | D89: EDITAL | E89: CCL
B90: FORNECIMENTO DE MATERIAL DE JAZIDA / CASCALHO | D90: =14.97*0.77 -> 11.5269 | E90: 14.97 | F90: =D90/E90-1 -> -0.23

Sheet Orçamento Sintético 
B2: Descrição: | C2: RESTAURAÇÃO DA GO-184/180 NO TRECHO: ITUMIRIM / APORÉ / TREVO PARA CASSILÂNDIA
B3: Versão: | C3: ORÇAMENTO REALIZADO NA TABELA DE TERRAPLENAGEM, PAVIMENTAÇÃO E OBRAS DE ARTE ESPECIAIS - ABRIL/24 - SEM DESONERAÇÃO - T247
B4: Extensão km: | C4: 91.8
C6: Orçamento Sintético
A8: Item | B8: Código | C8: Descrição | D8: Und. | E8: Quant. | F8: Valor Unit. | G8: Total
A9: 1 | C9: ADMINISTRAÇÃO, CANTEIRO E MOBILIZAÇÃO (GOINFRA) | G9: 7037876.5
A10: 1.1 | B10: 42170 | C10: ADMINISTRAÇÃO LOCAL - TIPO D2 | D10: m³ | E10: 1 | F10: 4988905.7 | G10: 4988905.7
A11: 1.2 | B11: 42270 | C11: CANTEIRO DE OBRA - TIPO D2 | D11: m3km | E11: 1 | F11: 1802790.1 | G11: 1802790.1
A12: 1.3 | B12: 42301 | C12: MOBILIZAÇÃO / DESMOBILIZAÇÃO - CONFORME DEMONSTRATIVO | D12: m² | E12: 1 | F12: 246180.78 | G12: 246180.78
A13: 2 | C13: TERRAPLENAGEM | G13: 11970
A14: 2.1 | B14: 40001 | C14: DESMATAMENTO, DESTOCAMENTO E LIMPEZA - ÁRVORES COM DIÂMETROS MENORES DE 15 CM | D14: m2 | E14: 21000 | F14: 0.57 | G14: 11970
A15: 3 | C15: PAVIMENTAÇÃO | G15: 2.3753733e+08
A16: 3.1 | C16: RECICLAGEM EM PISTA - SOLUÇÃO 01 | G16: 1.9779804e+08
A17: 3.1.1 | B17: 40625 | C17: RECICLAGEM DE BASE/SUBBASE COM 3% DE CIMENTO EM PESO | D17: m3 | E17: 147759.69 | F17: 113.01 | G17: 16698323
A18: 3.1.2 | B18: 40450 | C18: TRANSPORTE COMERCIAL DE CIMENTO - SUBBASE | D18: TKM | E18: 2559601.5 | F18: 0.69 | G18: 1766125
A19: 3.1.3 | B19: 40607 | C19: ESTABILIZAÇÃO BRITA GRADUADA - USINA | D19: m3 | E19: 110824.75 | F19: 190.4 | G19: 21101032
A20: 3.1.4 | B20: 40455 | C20: TRANSPORTE COMERCIAL DE AGREGADOS - BGS | D20: m3km | E20: 9148601.1 | F20: 1.31 | G20: 11984667
A21: 3.1.5 | B21: 40380 | C21: IMPRIMAÇÃO COM EAI | D21: m2 | E21: 738831.68 | F21: 0.44 | G21: 325085.93
A22: 3.1.6 | B22: 40435 | C22: TRANSPORTE LOCAL DE MATERIAL BETUMINOSO - EAI | D22: TKM | E22: 39938.45 | F22: 2.61 | G22: 104239.35
A23: 3.1.7 | B23: 40385 | C23: PINTURA DE LIGAÇÃO - RR-1C | D23: m2 | E23: 1312004.2 | F23: 0.36 | G23: 472321.52
A24: 3.1.8 | B24: 40435 | C24: TRANSPORTE LOCAL DE MATERIAL BETUMINOSO - RR-1C | D24: TKM | E24: 19323.1 | F24: 2.61 | G24: 50433.29
A25: 3.1.9 | B25: 40602 | C25: CONCRETO BETUMINOSO USINADO À QUENTE - CBUQ - FAIXA C | D25: m3 | E25: 28658.63 | F25: 446.4 | G25: 12793212
A26: 3.1.10 | B26: 40618 | C26: CONCRETO BETUMINOSO USINADO À QUENTE - CBUQ - FAIXA B | D26: m3 | E26: 51718.22 | F26: 444.94 | G26: 23011505
A27: 3.1.11 | B27: 40440 | C27: TRANSPORTE LOCAL DE MASSA ASFÁLTICA | D27: TKM | E27: 5676785.7 | F27: 1.43 | G27: 8117803.6
A28: 3.1.12 | B28: 40450 | C28: TRANSPORTE COMERCIAL DE CIMENTO / CAL / FILLER - CBUQ | D28: TKM | E28: 4144058.5 | F28: 0.69 | G28: 2859400.4
... A38: 3.1.22 | B38: 40530 | C38: TRANSPORTE COMERCIAL DE MATERIAL BETUMINOSO - CAP 60/85 | D38: tkm | E38: 1819401.1 | F38: 1.72 | G38: 3129370
A39: 3.2 | C39: RECONSTRUÇÃO TOTAL PISTA - SOLUÇÃO 02 | G39: 36304890
A40: 3.2.2 | B40: 40310 | C40: REGULARIZAÇÃO E COMPACTAÇÃO DO SUB-LEITO | D40: m2 | E40: 136080 | F40: 2.79 | G40: 379663.2
A41: 3.2.3 | B41: 40317 | C41: FORNECIMENTO DE MATERIAL DE JAZIDA (CASCALHO). | D41: m3 | E41: 22757.86 | F41: 22.56 | G41: 513417.32
A42: 3.2.4 | B42: 40320 | C42: TRANSPORTE DE MATERIAL DE JAZIDA (CASCALHO) | D42: m3km | E42: 144720.54 | F42: 2.68 | G42: 387851.04
A43: 3.2.5 | B43: 40380 | C43: IMPRIMAÇÃO COM EAI | D43: m2 | E43: 136080 | F43: 0.44 | G43: 59875.2
A44: 3.2.6 | B44: 40435 | C44: TRANSPORTE LOCAL DE MATERIAL BETUMINOSO - EAI | D44: TKM | E44: 2967.16 | F44: 2.61 | G44: 7744.28
A45: 3.2.7 | B45: 40385 | C45: PINTURA DE LIGAÇÃO - RR-1C | D45: m2 | E45: 322704 | F45: 0.36 | G45: 116173.44
A46: 3.2.8 | B46: 40435 | C46: TRANSPORTE LOCAL DE MATERIAL BETUMINOSO - RR-1C | D46: TKM | E46: 2706.31 | F46: 2.61 | G46: 7063.46
A47: 3.2.9 | B47: 40606A | C47: ESTABILIZAÇÃO SOLO-BRITA (BRITA 40% EM PESO + 2% CIMENTO) - USINA (BC) | D47: m3 | E47: 32164.78 | F47: 116.24 | G47: 3738834
A48: 3.2.10 | B48: 40320 | C48: TRANSPORTE DE MATERIAL DE JAZIDA (CASCALHO) - SUBBASE | D48: m3km | E48: 532049.89 | F48: 2.68 | G48: 1425893.7
A49: 3.2.11 | B49: 40450 | C49: TRANSPORTE COMERCIAL DE CIMENTO - SUBBASE | D49: TKM | E49: 556100.68 | F49: 0.69 | G49: 383709.46
A50: 3.2.12 | B50: 40455 | C50: TRANSPORTE COMERCIAL DE AGREGADOS - SUBBASE | D50: m3km | E50: 2167761 | F50: 1.31 | G50: 2839767
A51: 3.2.13 | B51: 40607 | C51: ESTABILIZAÇÃO BRITA GRADUADA - USINA | D51: m3 | E51: 13580.36 | F51: 190.4 | G51: 2585700.5
A52: 3.2.14 | B52: 40455 | C52: TRANSPORTE COMERCIAL DE AGREGADOS - BGS | D52: m3km | E52: 2524863.3 | F52: 1.31 | G52: 3307570.9
A53: 3.2.15 | B53: 40602 | C53: CONCRETO BETUMINOSO USINADO À QUENTE - CBUQ - FAIXA C | D53: m3 | E53: 4333 | F53: 446.4 | G53: 1934251.2
A54: 3.2.16 | B54: 40618 | C54: CONCRETO BETUMINOSO USINADO À QUENTE - CBUQ - FAIXA B | D54: m3 | E54: 8319.36 | F54: 444.94 | G54: 3701616
A55: 3.2.17 | B55: 40440 | C55: TRANSPORTE LOCAL DE MASSA ASFÁLTICA | D55: TKM | E55: 520395.37 | F55: 1.43 | G55: 744165.37
A56: 3.2.18 | B56: 40450 | C56: TRANSPORTE COMERCIAL DE CIMENTO / CAL / FILLER - CBUQ | D56: TKM | E56: 354514.85 | F56: 0.69 | G56: 244615.24
A57: 3.2.19 | B57: 40455 | C57: TRANSPORTE COMERCIAL DE AGREGADOS - CBUQ | D57: m3km | E57: 728667.28 | F57: 1.31 | G57: 954554.13
A58: 3.2.20 | B58: 40455 | C58: TRANSPORTE COMERCIAL DE AGREGADOS - AREIA | D58: m3km | E58: 1133478 | F58: 1.31 | G58: 1484856.2
A59: 3.2.21 | B59: 40520 | C59: FORNECIMENTO DE CAP-30/45 | D59: t | E59: 1098.16 | F59: 4366.07 | G59: 4794643.4
... A66: 3.2.28 | B66: 40530 | C66: TRANSPORTE COMERCIAL DE MATERIAL BETUMINOSO - RR-1C | D66: tkm | E66: 71908.13 | F66: 1.72 | G66: 123681.98
A67: 3.3 | C67: RECICLAGEM PISTA - SOLUÇÃO 03 | G67: 1725680.5
A68: 3.3.1 | B68: 40625 | C68: RECICLAGEM DE BASE/SUBBASE COM 3% DE CIMENTO EM PESO | D68: m3 | E68: 1426.68 | F68: 113.01 | G68: 161229.1
A69: 3.3.2 | B69: 40450 | C69: TRANSPORTE COMERCIAL DE CIMENTO - SUBBASE | D69: TKM | E69: 24869.45 | F69: 0.69 | G69: 17159.92
A70: 3.3.3 | B70: 40609 | C70: TRATAMENTO SUPERFICIAL DUPLO - TSD (BC) | D70: m2 | E70: 7925.98 | F70: 7.33 | G70: 58097.43
A71: 3.3.4 | B71: 40435 | C71: TRANSPORTE LOCAL DE MATERIAL BETUMINOSO | D71: TKM | E71: 13.76 | F71: 2.61 | G71: 35.91
A72: 3.3.5 | B72: 40455 | C72: TRANSPORTE COMERCIAL DE AGREGADOS | D72: m3km | E72: 22123.68 | F72: 1.31 | G72: 28982.02
A73: 3.3.6 | B73: 40445 | C73: TRANSPORTE LOCAL DE AGREGADOS | D73: m3km | E73: 111.39 | F73: 1.95 | G73: 217.21
A74: 3.3.7 | B74: 40380 | C74: IMPRIMAÇÃO | D74: m2 | E74: 7925.98 | F74: 0.44 | G74: 3487.43
A75: 3.3.8 | B75: 40435 | C75: TRANSPORTE LOCAL DE MATERIAL BETUMINOSO - CM 30 | D75: TKM | E75: 6.39 | F75: 2.61 | G75: 16.67
A76: 3.3.9 | B76: 40385 | C76: PINTURA DE LIGAÇÃO | D76: m2 | E76: 15851.96 | F76: 0.36 | G76: 5706.7
A77: 3.3.10 | B77: 40435 | C77: TRANSPORTE LOCAL DE MATERIAL BETUMINOSO - RR-1C | D77: TKM | E77: 4.91 | F77: 2.61 | G77: 12.81
A78: 3.3.11 | B78: 40602 | C78: CONCRETO BETUMINOSO USINADO À QUENTE - CBUQ - FAIXA C | D78: m3 | E78: 396.3 | F78: 446.4 | G78: 176908.32
A79: 3.3.12 | B79: 40618 | C79: CONCRETO BETUMINOSO USINADO À QUENTE - CBUQ - FAIXA B | D79: m3 | E79: 396.3 | F79: 444.94 | G79: 176329.72
... A93: 3.3.26 | B93: 40530 | C93: TRANSPORTE COMERCIAL DE MATERIAL BETUMINOSO - CAP 60/85 | D93: tkm | E93: 25432.5 | F93: 1.72 | G93: 43743.9
A94: 3.4 | C94: TRATAMENTO INICIAL (SERVIÇOS LOCALIZADOS SUPERFICIAIS – TAPA BURACOS ESP. = 3,0 CM ) | G94: 1708723.5
A95: 3.4.1 | B95: 42400 | C95: TAPA BURACO( EXCETO FORN.E TRANSP. MAT ) | D95: m3 | E95: 825.84 | F95: 287.66 | G95: 237561.13
A96: 3.4.2 | B96: 42496 | C96: USINAGEM DE CONCRETO BETUMINOSO USINADO À QUENTE -CBUQ | D96: m3 | E96: 825.84 | F96: 400.75 | G96: 330955.38
A97: 3.4.3 | B97: 40380 | C97: IMPRIMAÇÃO COM EAI | D97: m2 | E97: 27527.92 | F97: 0.44 | G97: 12112.28
A98: 3.4.4 | B98: 40385 | C98: PINTURA DE LIGAÇÃO - RR-1C | D98: m2 | E98: 27527.92 | F98: 0.36 | G98: 9910.05
A99: 3.4.5 | B99: 40440 | C99: TRANSPORTE DE MASSA ASFÁLTICA | D99: t.km | E99: 52384.34 | F99: 1.43 | G99: 74909.6
A100: 3.4.6 | B100: 40435 | C100: TRANSPORTE DE MATERIAL BETUMINOSO | D100: t.km | E100: 1236.85 | F100: 2.61 | G100: 3228.17
A101: 3.4.7 | B101: 40485 | C101: FORNECIMENTO DE EAI | D101: t | E101: 33.03 | F101: 3605.04 | G101: 119074.47
A102: 3.4.8 | B102: 40510 | C102: FORNEC. DE EMULSÃO RR-1C | D102: t | E102: 13.76 | F102: 3394.06 | G102: 46702.26
A103: 3.4.9 | B103: 40520 | C103: FORNEC. DE CAP-30/45 | D103: t | E103: 118.92 | F103: 4366.07 | G103: 519213.04
A104: 3.4.10 | B104: 40530 | C104: TRANSPORTE COMERCIAL DE MATERIAL BETUMINOSO | D104: t.km | E104: 73854.07 | F104: 1.72 | G104: 127029
A105: 3.4.11 | B105: 40450 | C105: TRANSPORTE COMERCIAL DE CIMENTO/CAL/FILLER | D105: t.km | E105: 107505.82 | F105: 0.69 | G105: 74179.01
A106: 3.4.12 | B106: 40455 | C106: TRANSPORTE COMERCIAL DE AGREGADOS | D106: m3.km | E106: 117442.09 | F106: 1.31 | G106: 153849.13
A107: 4 | C107: DRENAGEM | G107: 5254645.1
A108: 4.1 | B108: 41319 | C108: SARJETA TRIANGULAR DE CONCRETO - STC04 (AC/BC) | D108: m | E108: 855 | F108: 46.58 | G108: 39825.9
A109: 4.2 | B109: 41324 | C109: SARJETA TRAPEZOIDAL DE CONCRETO - SZC 90-30 | D109: m | E109: 1722 | F109: 85.73 | G109: 147627.06
A110: 4.3 | B110: 41332 | C110: MEIO FIO COM SARJETA - MFC03 (AC/BC) | D110: m | E110: 84915.3 | F110: 25.61 | G110: 2174680.8
A111: 4.4 | B111: 41334 | C111: MEIO FIO SEM SARJETA - MFC05 (AC/BC) | D111: m | E111: 3276 | F111: 19.95 | G111: 65356.2
A112: 4.5 | B112: 41414 | C112: DESCIDA D'ÁGUA DE ATERROS TIPO RÁPIDO - DAR 02 (AC/BC) | D112: m | E112: 1319.85 | F112: 108.49 | G112: 143190.52
A113: 4.6 | B113: 41422 | C113: DESCIDA D'ÁGUA DE ATERROS EM DEGRAUS - DAD 02 (AC/BC) | D113: m | E113: 53.5 | F113: 243.27 | G113: 13014.94
A114: 4.7 | B114: 41385 | C114: ENTRADA D'ÁGUA - EDA 01 (AC/BC) | D114: un | E114: 430 | F114: 61.94 | G114: 26634.2
A115: 4.8 | B115: 41386 | C115: ENTRADA D'ÁGUA - EDA 02 (AC/BC) | D115: un | E115: 80 | F115: 75.18 | G115: 6014.4
A116: 4.9 | B116: 42425 | C116: LIMPEZA DE MEIO-FIO E DESCIDA D´AGUA | D116: M | E116: 1443.7 | F116: 0.69 | G116: 996.15
A117: 4.10 | B117: 41371 | C117: DISSIPADOR DE ENERGIA - DEB 01 (AC/BC) | D117: un | E117: 144 | F117: 397.82 | G117: 57286.08
A118: 4.14 | B118: 42820 | C118: DEMOLIÇÃO DE CONCRETO SIMPLES | D118: m3 | E118: 4116.39 | F118: 228.58 | G118: 940924.42
A119: 4.19 | B119: 40455 | C119: TRANSPORTE COMERCIAL DE AGREGADOS - AREIA | D119: m3km | E119: 482129.37 | F119: 1.31 | G119: 631589.47
... A127: 4.27 | B127: 47005 | C127: FABRICAÇÃO DE TAMPA PARA BOCA-DE- LOBO(50X100) | D127: un | E127: 17 | F127: 58.88 | G127: 1000.96
A128: 5 | C128: OBRAS DE ARTE CORRENTE | G128: 202447.15
A129: 5.1 | B129: 41856 | C129: BOCA DE BSTC D=1,00M (AC/BC) | D129: un | E129: 6 | F129: 1266.66 | G129: 7599.96
A130: 5.2 | B130: 41375 | C130: DISSIPADOR DE ENERGIA - DEB 05 (AC/BC) | D130: un | E130: 15 | F130: 3035.74 | G130: 45536.1
A131: 5.3 | B131: 41378 | C131: DISSIPADOR DE ENERGIA - DEB 08 (AC/BC) | D131: un | E131: 5 | F131: 4169.46 | G131: 20847.3
A132: 5.4 | B132: 41381 | C132: DISSIPADOR DE ENERGIA - DEB 11 (AC/BC) | D132: un | E132: 7 | F132: 5314.7 | G132: 37202.9
A133: 5.5 | B133: 42420 | C133: CAPINA MANUAL | D133: m2 | E133: 1165.6 | F133: 0.97 | G133: 1130.63
A134: 5.6 | B134: 42445 | C134: DESOBSTRUÇÃO DE BUEIROS | D134: m3 | E134: 242.54 | F134: 59.73 | G134: 14486.91
A135: 5.7 | B135: 40455 | C135: TRANSPORTE COMERCIAL DE AGREGADOS - AREIA | D135: m3km | E135: 24369.71 | F135: 1.31 | G135: 31924.32
A136: 5.8 | B136: 40455 | C136: TRANSPORTE COMERCIAL DE AGREGADOS - BRITA | D136: m3km | E136: 10204.88 | F136: 1.31 | G136: 13368.39
A137: 5.9 | B137: 40450 | C137: TRANSPORTE COMERCIAL DE CIMENTO | D137: TKM | E137: 21451.11 | F137: 0.69 | G137: 14801.26
A138: 5.10 | B138: 40436 | C138: TRANSPORTE LOCAL DE CONCRETO | D138: m3km | E138: 2666.26 | F138: 2.13 | G138: 5679.13
...

Sheet CPU
A1: COMPOSIÇÃO DOS CUSTOS UNITÁRIOS DOS SERVIÇOS
A2: PROPONENTE:
A3: RODOVIA: | C3: TRECHO: | I3: SUBTRECHO:
A4: ITEM: | B4: 42170
A5: DESCRIÇÃO DO SERVIÇO: | J5: DATA BASE:
A6: ADMINISTRAÇÃO LOCAL - TIPO D2 | J6: UNIDADE: | K6: un
A7: A - EQUIPAMENTOS | F7: QUANT. | G7: UTILIZAÇÃO | I7: CUSTO OPERACIONAL | K7: CUSTO HORÁRIO TOTAL
G8: OPERATIVA | H8: IMPROD | I8: OPERATIVO | J8: IMPROD
A17: CUSTO HORÁRIO TOTAL DE EQUIPAMENTOS
A18: B - MÃO DE OBRA | H18: QUANT. | I18: UNIDADE | J18: CUSTO HORÁRIO | K18: CUSTO HORÁRIO TOTAL
D28: CUSTO HORÁRIO TOTAL DE MÃO DE OBRA
A29: PRODUÇÃO DA EQUIPE | C29: 1 | D29: CUSTO HORÁRIO TOTAL DE EXECUÇÃO
D30: CUSTO UNITÁRIO DE EXECUÇÃO
A31: C - MATERIAIS | G31: QUANTIDADE | I31: UNIDADE | J31: PREÇO UNITÁRIO | K31: CUSTO UNITÁRIO
A37: CUSTO UNITÁRIO TOTAL DE MATERIAL
A38: D - ATIVIDADES AUXILIARES | G38: QUANTIDADE | I38: UNIDADE | J38: PREÇO UNITÁRIO | K38: CUSTO UNITÁRIO
A40: 1 | B40: ADMINISTRACAO LOCAL - TIPO D2 | G40: 1 | I40: UN | J40: 4136737.7 | K40: 4136737.7
A44: CUSTO TOTAL DE ATIVIDADES AUXILIARES | K44: 4136737.7
A45: E -TEMPO FIXO | G45: QUANTIDADE | I45: UNIDADE | J45: PREÇO UNITÁRIO | K45: CUSTO UNITÁRIO
A51: CUSTO UNITÁRIO TOTAL DE TEMPO FIXO
A52: F - TRANSPORTES | C52: Qtde | D52: Unid. | E52: Custo | H52: DMT | K52: CUSTO UNITÁRIO
E53: (LN) | F53: (RP) | G53: (PV) | H53: (LN) | I53: (RP) | J53: (PV)
A58: CUSTO UNITÁRIO TOTAL DE TRANSPORTE
A59: CUSTO UNITÁRIO DIRETO TOTAL | K59: 4136737.7
A60: BDI | K60: 852167.96
A61: CUSTO UNITÁRIO TOTAL | K61: 4988905.7
A64: COMPOSIÇÃO DOS CUSTOS UNITÁRIOS DOS SERVIÇOS
A65: PROPONENTE:
A66: RODOVIA: | C66: TRECHO: | I66: SUBTRECHO:
A67: ITEM: | B67: 42270
A68: DESCRIÇÃO DO SERVIÇO: | J68: DATA BASE:
A69: CANTEIRO DE OBRA - TIPO D2 | J69: UNIDADE: | K69: un
A70: A - EQUIPAMENTOS | F70: QUANT. | G70: UTILIZAÇÃO | I70: CUSTO OPERACIONAL | K70: CUSTO HORÁRIO TOTAL
G71: OPERATIVA | H71: IMPROD | I71: OPERATIVO | J71: IMPROD
A80: CUSTO HORÁRIO TOTAL DE EQUIPAMENTOS
A81: B - MÃO DE OBRA | H81: QUANT. | I81: UNIDADE | J81: CUSTO HORÁRIO | K81: CUSTO HORÁRIO TOTAL
D91: CUSTO HORÁRIO TOTAL DE MÃO DE OBRA
A92: PRODUÇÃO DA EQUIPE | C92: 1 | D92: CUSTO HORÁRIO TOTAL DE EXECUÇÃO
D93: CUSTO UNITÁRIO DE EXECUÇÃO
A94: C - MATERIAIS | G94: QUANTIDADE | I94: UNIDADE | J94: PREÇO UNITÁRIO | K94: CUSTO UNITÁRIO
A100: CUSTO UNITÁRIO TOTAL DE MATERIAL
A101: D - ATIVIDADES AUXILIARES | G101: QUANTIDADE | I101: UNIDADE | J101: PREÇO UNITÁRIO | K101: CUSTO UNITÁRIO
A103: 2 | B103: CANTEIRO DE OBRA - TIPO D2 | G103: 1 | I103: UN | J103: 1494850.8 | K103: 1494850.8
A107: CUSTO TOTAL DE ATIVIDADES AUXILIARES | K107: 1494850.8
A108: E -TEMPO FIXO | G108: QUANTIDADE | I108: UNIDADE | J108: PREÇO UNITÁRIO | K108: CUSTO UNITÁRIO
A114: CUSTO UNITÁRIO TOTAL DE TEMPO FIXO
A115: F - TRANSPORTES | C115: Qtde | D115: Unid. | E115: Custo | H115: DMT | K115: CUSTO UNITÁRIO
E116: (LN) | F116: (RP) | G116: (PV) | H116: (LN) | I116: (RP) | J116: (PV)
A121: CUSTO UNITÁRIO TOTAL DE TRANSPORTE
A122: CUSTO UNITÁRIO DIRETO TOTAL | K122: 1494850.8
A123: BDI | K123: 307939.27
A124: CUSTO UNITÁRIO TOTAL | K124: 1802790.1
A127: COMPOSIÇÃO DOS CUSTOS UNITÁRIOS DOS SERVIÇOS
A128: PROPONENTE:
A129: RODOVIA: | C129: TRECHO: | I129: SUBTRECHO:
A130: ITEM: | B130: 42301
A131: DESCRIÇÃO DO SERVIÇO: | J131: DATA BASE:
A132: MOBILIZAÇÃO / DESMOBILIZAÇÃO - CONFORME DEMONSTRATIVO | J132: UNIDADE: | K132: un
A133: A - EQUIPAMENTOS | F133: QUANT. | G133: UTILIZAÇÃO | I133: CUSTO OPERACIONAL | K133: CUSTO HORÁRIO TOTAL
G134: OPERATIVA | H134: IMPROD | I134: OPERATIVO | J134: IMPROD
A143: CUSTO HORÁRIO TOTAL DE EQUIPAMENTOS
A144: B - MÃO DE OBRA | H144: QUANT. | I144: UNIDADE | J144: CUSTO HORÁRIO | K144: CUSTO HORÁRIO TOTAL
D154: CUSTO HORÁRIO TOTAL DE MÃO DE OBRA
A155: PRODUÇÃO DA EQUIPE | C155: 1 | D155: CUSTO HORÁRIO TOTAL DE EXECUÇÃO
D156: CUSTO UNITÁRIO DE EXECUÇÃO
A157: C - MATERIAIS | G157: QUANTIDADE | I157: UNIDADE | J157: PREÇO UNITÁRIO | K157: CUSTO UNITÁRIO
A163: CUSTO UNITÁRIO TOTAL DE MATERIAL
A164: D - ATIVIDADES AUXILIARES | G164: QUANTIDADE | I164: UNIDADE | J164: PREÇO UNITÁRIO | K164: CUSTO UNITÁRIO
A166: 3 | B166: MOBILIZAÇÃO/DESMOBILIZACAO CONFORME DEMONSTRATIVO | G166: 1 | I166: UN | J166: 204130 | K166: 204130
A170: CUSTO TOTAL DE ATIVIDADES AUXILIARES | K170: 204130
A171: E -TEMPO FIXO | G171: QUANTIDADE | I171: UNIDADE | J171: PREÇO UNITÁRIO | K171: CUSTO UNITÁRIO
A177: CUSTO UNITÁRIO TOTAL DE TEMPO FIXO
A178: F - TRANSPORTES | C178: Qtde | D178: Unid. | E178: Custo | H178: DMT | K178: CUSTO UNITÁRIO
E179: (LN) | F179: (RP) | G179: (PV) | H179: (LN) | I179: (RP) | J179: (PV)
A184: CUSTO UNITÁRIO TOTAL DE TRANSPORTE
A185: CUSTO UNITÁRIO DIRETO TOTAL | K185: 204130
A186: BDI | K186: 42050.78
A187: CUSTO UNITÁRIO TOTAL | K187: 246180.78
A190: COMPOSIÇÃO DOS CUSTOS UNITÁRIOS DOS SERVIÇOS
A191: PROPONENTE:
A192: RODOVIA: | C192: TRECHO: | I192: SUBTRECHO:
A193: ITEM: | B193: 40001
A194: DESCRIÇÃO DO SERVIÇO: | J194: DATA BASE:
A195: DESMATAMENTO, DESTOCAMENTO E LIMPEZA - ÁRVORES COM DIÂMETROS MENORES DE 15 CM | J195: UNIDADE: | K195: m2
A196: A - EQUIPAMENTOS | F196: QUANT. | G196: UTILIZAÇÃO | I196: CUSTO OPERACIONAL | K196: CUSTO HORÁRIO TOTAL
G197: OPERATIVA | H197: IMPROD | I197: OPERATIVO | J197: IMPROD
A198: 30001 | B198: TRATOR ESTEIRAS COM LÂMINA - CAT D8 OU EQUIVALENTE | F198: 1 | G198: 1 | H198: 0 | I198: 730.52 | J198: 278.76 | K198: 730.52
A206: CUSTO HORÁRIO TOTAL DE EQUIPAMENTOS | K206: 730.52
A207: B - MÃO DE OBRA | H207: QUANT. | I207: UNIDADE | J207: CUSTO HORÁRIO | K207: CUSTO HORÁRIO TOTAL
A209: 20002 | B209: ENCARREGADO DE SERVIÇO | H209: 0.4 | I209: H | J209: 24.3 | K209: 9.72
A210: 20031 | B210: SERVENTE | H210: 2 | I210: H | J210: 13.64 | K210: 27.28
A211: 11 | B211: EPI | H211: 1.12 | I211: % | J211: 0 | K211: 0.41
A212: 12 | B212: ALIMENTAÇÃO | H212: 9.6 | I212: % | J212: 0 | K212: 3.55
A213: 13 | B213: TRANSP. DE PESSOAL | H213: 4.79 | I213: % | J213: 0 | K213: 1.77
A214: 14 | B214: FERRAMENTAS MANUAIS | H214: 5 | I214: % | J214: 0 | K214: 1.85
D217: CUSTO HORÁRIO TOTAL DE MÃO DE OBRA | K217: 44.58
A218: PRODUÇÃO DA EQUIPE | C218: 1609.5555 | D218: CUSTO HORÁRIO TOTAL DE EXECUÇÃO | K218: 775.1
D219: CUSTO UNITÁRIO DE EXECUÇÃO | K219: 0.48
A220: C - MATERIAIS | G220: QUANTIDADE | I220: UNIDADE | J220: PREÇO UNITÁRIO | K220: CUSTO UNITÁRIO
A226: CUSTO UNITÁRIO TOTAL DE MATERIAL
...

Sheet Administração
B2: ADMINISTRAÇÃO LOCAL
B3: DESCRIÇÃO | C3: UNIDADE | D3: CUSTO UNITÁRIO | E3: FAIXA D2 (RESTAURAÇÃO)
E4: QUANTIDADE | F4: CUSTO TOTAL
B5: DIVISÃO DE ENGENHARIA
B6: Coordenador / Gestor de Contrato (Eng. Sênior) | C6: mês | D6: 29201.21 | E6: 4.5 | F6: 131405.44
B7: Gestor do Contrato (Eng. Pleno ) | C7: mês | D7: 22422.09 | E7: 18 | F7: 403597.62
B8: Engenheiro de Produção / Civil (Eng. Júnior) | C8: mês | D8: 20904.54 | E8: 0 | F8: 0
B9: Sala Técnica (Técnico Estradas) | C9: mês | D9: 5288.41 | E9: 0 | F9: 0
B10: Encarregado de Topografia / Topógrafo Chefe | C10: mês | D10: 6959.24 | E10: 0 | F10: 0
B11: Topógrafo | C11: mês | D11: 5529.84 | E11: 18 | F11: 99537.12
B12: Auxiliar de Topografia | C12: mês | D12: 2460.26 | E12: 36 | F12: 88569.36
B13: Laboratorista de Solos | C13: mês | D13: 5529.84 | E13: 18 | F13: 99537.12
B14: Laboratorista de Betumes | C14: mês | D14: 5529.84 | E14: 9 | F14: 49768.56
B15: Laboratorista de Concretos | C15: mês | D15: 5529.84 | E15: 9 | F15: 49768.56
B16: Auxiliar de Laboratorista | C16: mês | D16: 2460.26 | E16: 72 | F16: 177138.72
B17: DIVISÃO DE SEGURANÇA E MEDICINA DO TRABALHO
B18: Engenheiro de Segurança do Trabalho | C18: mês | D18: 22422.09 | E18: 0 | F18: 0
B19: Médico de Segurança do Trabalho | C19: mês | D19: 16800.97 | E19: 0 | F19: 0
B20: Técnico de Segurança do Trabalho | C20: mês | D20: 5165.78 | E20: 18 | F20: 92984.04
B21: DIVISÃO DE PRODUÇÃO
B22: Encarregado Geral | C22: mês | D22: 6959.24 | E22: 18 | F22: 125266.32
B23: Motorista | C23: mês | D23: 3575.42 | E23: 47.34 | F23: 169260.38
B24: DIVISÃO ADMINISTRATIVA
B25: Encarregado Administrativo | C25: mês | D25: 4403.17 | E25: 18 | F25: 79257.06
B26: Auxiliar Administrativo | C26: mês | D26: 2717.02 | E26: 36 | F26: 97812.72
B27: Almoxarife / Apontador / Comprador | C27: mês | D27: 7055.04 | E27: 72 | F27: 507962.88
B28: Recepcionista / Telefonista | C28: mês | D28: 2717.02 | E28: 18 | F28: 48906.36
B29: Vigia | C29: mês | D29: 2475.59 | E29: 144 | F29: 356484.96
B30: MANUTENÇÃO DO CANTEIRO
B31: Material de Expediente / Cópias / Impressões | C31: mês | D31: 200 | E31: 36 | F31: 7200
B32: Medicamentos | C32: mês | D32: 50 | E32: 54 | F32: 2700
B33: VEÍCULOS DA ADMINISTRAÇÃO
B34: Veículos Leves (incluso combustível) | C34: mês | D34: 2393.44 | E34: 94.5 | F34: 226180.08
B35: EQUIPAMENTOS INDIRETOS
B36: Equipamentos de Laboratório de Solos | C36: mês | D36: 3101.89 | E36: 18 | F36: 55834.02
B37: Equipamentos de Laboratório de Asfalto | C37: mês | D37: 5159.92 | E37: 9 | F37: 46439.28
B38: Equipamentos de Laboratório de Concreto | C38: mês | D38: 3500 | E38: 9 | F38: 31500
B39: Instrumental de Topografia | C39: mês | D39: 3194.35 | E39: 18 | F39: 57498.3
B40: Caminhão Munck | C40: mês | D40: 25690.94 | E40: 18 | F40: 462436.92
B41: Caminhão prancha | C41: mês | D41: 36572.36 | E41: 18 | F41: 658302.48
B42: SERVIÇOS TÉCNICOS
B43: PCMSO (NR-7) | C43: unidade | D43: 375 | E43: 1 | F43: 375
B44: PGR (NR-18) | C44: unidade | D44: 3166.67 | E44: 1 | F44: 3166.67
B45: Exames Admissionais/Demissionais | C45: unidade | D45: 30.83 | E45: 229 | F45: 7060.07
B46: Anotação de Responsabilidade Técnica | C46: unidade | D46: 262.55 | E46: 3 | F46: 787.65
B47: Ensaios Tecnológicos | C47: unidade | D47: 186.69 | E47: 0 | F47: 0
B48: CUSTO TOTAL | E48: 4136737.7
C49: BDI | D49: 0.206 | E49: 852167.96
B50: PREÇO TOTAL | E50: 4988905.7

Sheet Canteiro
B2: CANTEIRO DE OBRA
B3: DESCRIÇÃO | C3: UNIDADE | D3: CUSTO UNITÁRIO | E3: FAIXA D2 (RESTAURAÇÃO)
E4: QUANTIDADE | F4: CUSTO TOTAL
B5: TERRAPLANAGEM E PREPARAÇÃO DO TERRENO
B6: Desmatamento, destocamento e limpeza - árvores com diâmetros menores de 15 cm | C6: m² | D6: 0.48 | E6: 18000 | F6: 8640
B7: Escav., carga e transp. 1ª categ. c/ carregadeira p/ pequenos movimentos de terra - (dt: 201 a 400m) | C7: m³ | D7: 9.08 | E7: 5616 | F7: 50993.28
B8: Compactação a 95% do proctor normal | C8: m³ | D8: 3.39 | E8: 4320 | F8: 14644.8
B9: INSTALAÇÕES PROVISÓRIAS
B10: Escritório de campo | C10: m² | D10: 272.28 | E10: 120 | F10: 32673.6
B11: Escritório urbano (cidade) | C11: mês | D11: 3953.91 | E11: 0 | F11: 0
B12: Alojamento (pessoal operacional) | C12: m² | D12: 272.28 | E12: 63.53001 | F12: 17297.95
B13: Alojamento (pessoal técnico administrativo) | C13: m² | D13: 272.28 | E13: 93.61 | F13: 25488.13
B14: Alojamento (engenheiros) | C14: mês | D14: 5419.48 | E14: 22.5 | F14: 121938.3
B15: Mobiliário de Escritório (inclusive eq. de informática) | C15: mês | D15: 5870.93 | E15: 9 | F15: 52838.37
B16: Mobiliário de Alojamento (engenheiros) | C16: mês | D16: 614.27 | E16: 22.50001 | F16: 13821.08
B17: Almoxarifado | C17: m² | D17: 190.6 | E17: 38.4 | F17: 7319.04
B18: Galpões para Carpintaria e Armação (cobertura) | C18: m² | D18: 190.6 | E18: 0 | F18: 0
B19: Oficinas | C19: m² | D19: 190.6 | E19: 120 | F19: 22872
B20: Fiscalização | C20: m² | D20: 272.28 | E20: 12 | F20: 3267.36
B21: Posto de Combustível e Lubrificação | C21: m² | D21: 190.6 | E21: 20 | F21: 3812
... B42: Faxineira (alojamento eng / escritório urb) | C42: mês | D42: 2460.26 | E42: 4.5 | F42: 11071.17
B43: INSTALAÇÕES INDUSTRIAIS
B44: Instalação de Usina de Asfalto | C44: un | D44: 91931.5 | E44: 1 | F44: 91931.5
B45: Instalação de Usina de Solos | C45: un | D45: 59668.32 | E45: 1 | F45: 59668.32
B46: Paiol de explosivos | C46: m² | D46: 190.6 | E46: 0 | F46: 0
B47: SISTEMA VIÁRIO INTERNO E CAMINHOS DE SERVIÇO
B48: Sinalização - placas da obra (caminhos de serviço) | C48: m² | D48: 383.62 | E48: 8 | F48: 3068.96
B49: Sinalização - placas da obra (desvio / pare siga) | C49: m² | D49: 383.62 | E49: 32 | F49: 12275.84
B50: Cone de sinalização (desvio) | C50: un | D50: 104.12 | E50: 200 | F50: 20824
B51: Tambor de 200L (desvio) | C51: un | D51: 106.67 | E51: 20 | F51: 2133.4
B52: Caminhão Pipa (desvio / caminho de serviço) | C52: h | D52: 173.75 | E52: 792 | F52: 137610
B53: Servente para sinalização (desvio) | C53: mês | D53: 2460.26 | E53: 144 | F53: 354277.44
B54: LICENÇAS AMBIENTAIS
B55: Licença de Instalação de Canteiro (fixo) | C55: un | D55: 4725.07 | E55: 1 | F55: 4725.07
B56: Licença de Instalação de Canteiro (área) | C56: m2 | D56: 0.4 | E56: 4320 | F56: 1728
B57: Licença de Usina | C57: un | D57: 6911.2 | E57: 1 | F57: 6911.2
B58: Licença de Cascalheira | C58: un | D58: 16461.31 | E58: 0 | F58: 0
B59: Licença de Outorga de Uso da Água | C59: un | D59: 4807.28 | E59: 3 | F59: 14421.84
B60: CUSTO TOTAL | E60: 1494850.8
C61: BDI | D61: 0.206 | E61: 307939.27
B62: PREÇO TOTAL | E62: 1802790.1

Sheet MOB-DESMOB
B2: Mobilização / Desmobilização
B3: Equipamento | D3: Mobilizador | E3: FU (A) | F3: Hora Produtiva (B) | G3: DT* (C) | H3: Custo (D=AxB/60) | I3: Quantidade (E) | J3: Total (CxDxE)
B4: AUTOPROPELIDOS
B5: 30050 | C5: CAMINHÃO APLICADOR DE MATERIAL TERMOPLÁSTICO | D5: 30050 | E5: 1 | F5: 481.68 | G5: 400 | H5: 8.028 | I5: 1 | J5: 3211.2
B6: 30037 | C6: CAMINHÃO BASCULANTE 10 M3 - 15 T | D6: 30037 | E6: 1 | F6: 287.75 | G6: 400 | H6: 4.795 | I6: 20 | J6: 38360
B7: 30035 | C7: CAMINHÃO CARROCERIA MADEIRA - 15 T | D7: 30035 | E7: 1 | F7: 239.55 | G7: 400 | H7: 3.992 | I7: 2 | J7: 3193.6
B8: 30120 | C8: CAMINHÃO DISTRIBUIDOR DE CIMENTO | D8: 30120 | E8: 1 | F8: 418.35 | G8: 400 | H8: 6.972 | I8: 1 | J8: 2788.8
B9: 30049 | C9: CAMINHÃO PARA PINTURA A FRIO COM DEMARCADOR DE FAIXAS | D9: 30049 | E9: 1 | F9: 305.27 | G9: 400 | H9: 5.087 | I9: 1 | J9: 2034.8
B10: 30040 | C10: CAMINHÃO TANQUE 10.000L | D10: 30040 | E10: 1 | F10: 285.4 | G10: 400 | H10: 4.756 | I10: 2 | J10: 3804.8
B11: 30039 | C11: CAMINHÃO TANQUE 6.000L | D11: 30039 | E11: 1 | F11: 216.01 | G11: 400 | H11: 3.6 | I11: 2 | J11: 2880
B12: 30021 | C12: CAMINHÃO TANQUE DISTRIBUIDOR DE ASFALTO | D12: 30021 | E12: 1 | F12: 227.85 | G12: 400 | H12: 3.797 | I12: 2 | J12: 3037.6
B14: REBOCADOS
B15: 30010 | C15: CARREGADEIRA DE PNEUS CAT - 924 H OU EQUIVALENTE | D15: 30105 | E15: 0.5 | F15: 365.15 | G15: 400 | H15: 3.042 | I15: 2 | J15: 2433.6
B16: 30007 | C16: ESCAVADEIRA HIDRÁLICA - 320 DL OU EQUIVALENTE | D16: 30105 | E16: 0.5 | F16: 365.15 | G16: 400 | H16: 3.042 | I16: 2 | J16: 2433.6
B17: 30019 | C17: MINI-CARREGADEIRA DE PNEUS - COM VASSOURA DE 1,8 M | D17: 30105 | E17: 1 | F17: 365.15 | G17: 400 | H17: 6.085 | I17: 1 | J17: 2434
B18: 30058 | C18: MOTONIVELADORA - CAT 120 K OU EQUIVALENTE | D18: 30105 | E18: 0.33 | F18: 365.15 | G18: 400 | H18: 2.008 | I18: 2 | J18: 1606.4
B19: 30029 | C19: RECICLADOR DE PAVIMENTO À FRIO | D19: 30105 | E19: 0.5 | F19: 365.15 | G19: 400 | H19: 3.042 | I19: 1 | J19: 1216.8
B20: 30015 | C20: ROLO COMPACTADOR DE PNEUS AUTOPROPELIDO - 27T | D20: 30105 | E20: 0.5 | F20: 365.15 | G20: 400 | H20: 3.042 | I20: 4 | J20: 4867.2
B21: 30012 | C21: ROLO LISO VIBRATÓRIO AUTOPROPELIDO - CA 250 OU EQUIVALENTE | D21: 30105 | E21: 0.5 | F21: 365.15 | G21: 400 | H21: 3.042 | I21: 2 | J21: 2433.6
B22: 30014 | C22: ROLO PÉ DE CARNEIRO - CA 250 OU EQUIVALENTE | D22: 30105 | E22: 0.5 | F22: 365.15 | G22: 400 | H22: 3.042 | I22: 6 | J22: 7300.8
B23: 30020 | C23: TANQUE DE ESTOCAGEM DE ASFALTO (30.000L) | D23: 30105 | E23: 1 | F23: 365.15 | G23: 400 | H23: 6.085 | I23: 4 | J23: 9736
B24: 30005 | C24: TRATOR DE PNEUS AGRÍCOLA - MF 4292 OU EQUIVALENTE | D24: 30105 | E24: 0.5 | F24: 365.15 | G24: 400 | H24: 3.042 | I24: 2 | J24: 2433.6
B25: 30023 | C25: VIBROACABADORA DE ASFALTO SOBRE ESTEIRAS | D25: 30105 | E25: 0.5 | F25: 365.15 | G25: 400 | H25: 3.042 | I25: 2 | J25: 2433.6
B26: Sub Total de Equipamento (F) : | J26: 98640
B28: Mão de Obra | G28: Percentual mobilizado (G) | H28: Custo (H) | I28: Total de operários (I) | J28: Total (GxHxI)
B29: - | C29: EFETIVO PESSOAL A SER MOBILIZADO | G29: 0.3 | H29: 103.788 | I29: 110 | J29: 3425
B30: Sub Total de Mão de Obra (J) : | J30: 3425
B32: Custo por Mobilização (K=F+J) : | J32: 102065
H33: BDI (L) | I33: 0.206 | J33: 21025.39
B34: Preço por Mobilização (M=K+L) : | J34: 123090.39
B35: Total Mobilização / Desmobilização (2xM) : | J35: 246180.78
B36: *DISTÂNCIA DO CANTEIRO A GOIÂNIA (SOMENTE IDA)

Sheet Mobilização e Desm T247
A1: Mobilização / Desmobilização
A3: Equipamento | C3: Mobilizador | D3: FU | E3: Hora | F3: DT* | G3: Custo | H3: Quantidade | I3: Total
D4: (A) | E4: Produtiva (B) | F4: (C) | G4: (D=AxB/60) | H4: (E) | I4: (CxDxE)
A5: Autopropelidos
A6: 30050 | B6: CAMINHÃO APLICADOR DE MATERIAL TERMOPLÁSTICO | C6: 30050 | D6: 1 | E6: 481.68 | G6: =TRUNC((D6*E6)/60,2) -> 8.02 | I6: =TRUNC(F6*G6*H6,2) -> 0 | K6: =TRUNC(240*G6*1,2) -> 1924.8
A7: 30037 | B7: CAMINHÃO BASCULANTE 10 M3 - 15 T | C7: 30037 | D7: 1 | E7: 287.75 | G7: =TRUNC((D7*E7)/60,2) -> 4.79 | I7: =TRUNC(F7*G7*H7,2) -> 0 | K7: =TRUNC(240*G7*1,2) -> 1149.6
A8: 30036 | B8: CAMINHÃO BASCULANTE 6 M3 - 10,5 T | C8: 30036 | D8: 1 | E8: 170.75 | G8: =TRUNC((D8*E8)/60,2) -> 2.84 | I8: =TRUNC(F8*G8*H8,2) -> 0 | K8: =TRUNC(240*G8*1,2) -> 681.6
A9: 30035 | B9: CAMINHÃO CARROCERIA MADEIRA - 15 T | C9: 30035 | D9: 1 | E9: 239.55 | G9: =TRUNC((D9*E9)/60,2) -> 3.99 | I9: =TRUNC(F9*G9*H9,2) -> 0 | K9: =TRUNC(240*G9*1,2) -> 957.6
A10: 30125 | B10: CAMINHÃO COM BATE ESTACAS HIDRÁULICO PARA DEFENSA | C10: 30125 | D10: 1 | E10: 274.4 | G10: =TRUNC((D10*E10)/60,2) -> 4.57 | I10: =TRUNC(F10*G10*H10,2) -> 0 | K10: =TRUNC(240*G10*1,2) -> 1096.8
A11: 30110 | B11: CAMINHÃO COM DOLLY - 57 t | C11: 30110 | D11: 1 | E11: 475.75 | G11: =TRUNC((D11*E11)/60,2) -> 7.92 | I11: =TRUNC(F11*G11*H11,2) -> 0
A12: 30120 | B12: CAMINHÃO DISTRIBUIDOR DE CIMENTO | C12: 30120 | D12: 1 | E12: 418.35 | G12: =TRUNC((D12*E12)/60,2) -> 6.97 | I12: =TRUNC(F12*G12*H12,2) -> 0 | K12: =TRUNC(240*G12*1,2) -> 1672.8
A13: 31062 | B13: CAMINHÃO MUNCK (GUINDAUTO) | C13: 31062 | D13: 1 | E13: 237.87 | G13: =TRUNC((D13*E13)/60,2) -> 3.96 | I13: =TRUNC(F13*G13*H13,2) -> 0 | K13: =TRUNC(240*G13*1,2) -> 950.4
A14: 30053 | B14: CAMINHÃO PARA HIDROSSEMEADURA | C14: 30053 | D14: 1 | E14: 288.11 | G14: =TRUNC((D14*E14)/60,2) -> 4.8 | I14: =TRUNC(F14*G14*H14,2) -> 0 | K14: =TRUNC(240*G14*1,2) -> 1152
A15: 30049 | B15: CAMINHÃO PARA PINTURA A FRIO COM DEMARCADOR DE FAIXAS | C15: 30049 | D15: 1 | E15: 305.27 | G15: =TRUNC((D15*E15)/60,2) -> 5.08 | I15: =TRUNC(F15*G15*H15,2) -> 0 | K15: =TRUNC(240*G15*1,2) -> 1219.2
A16: 30040 | B16: CAMINHÃO TANQUE 10.000L | C16: 30040 | D16: 1 | E16: 285.4 | G16: =TRUNC((D16*E16)/60,2) -> 4.75 | I16: =TRUNC(F16*G16*H16,2) -> 0 | K16: =TRUNC(240*G16*1,2) -> 1140
A17: 30039 | B17: CAMINHÃO TANQUE 6.000L | C17: 30039 | D17: 1 | E17: 216.01 | G17: =TRUNC((D17*E17)/60,2) -> 3.6 | I17: =TRUNC(F17*G17*H17,2) -> 0 | K17: =TRUNC(240*G17*1,2) -> 864
A18: 30021 | B18: CAMINHÃO TANQUE DISTRIBUIDOR DE ASFALTO | C18: 30021 | D18: 1 | E18: 227.85 | G18: =TRUNC((D18*E18)/60,2) -> 3.79 | I18: =TRUNC(F18*G18*H18,2) -> 0 | K18: =TRUNC(240*G18*1,2) -> 909.6
A19: 30030 | B19: USINA MÓVEL PARA MICRO REVESTIMENTO | C19: 30030 | D19: 1 | E19: 627.06 | G19: =TRUNC((D19*E19)/60,2) -> 10.45 | I19: =TRUNC(F19*G19*H19,2) -> 0 | K19: =TRUNC(240*G19*1,2) -> 2508
A20: Rebocados | K20: =TRUNC(240*G20*1,2) -> 0
A21: 30010 | B21: CARREGADEIRA DE PNEUS CAT - 924 H OU EQUIVALENTE | C21: 30105 | D21: 0.5 | E21: 365.15 | G21: =TRUNC((D21*E21)/60,2) -> 3.04 | I21: =TRUNC(F21*G21*H21,2) -> 0 | K21: =TRUNC(240*G21*1,2) -> 729.6
A22: 30007 | B22: CARREGADEIRA DE PNEUS CAT - 950 H OU EQUIVALENTE | C22: =C21 -> 30105 | D22: 0.5 | E22: 365.15 | G22: =TRUNC((D22*E22)/60,2) -> 3.04 | I22: =TRUNC(F22*G22*H22,2) -> 0 | K22: =TRUNC(240*G22*1,2) -> 729.6 | L22: 30010 | M22: CARREGADEIRA DE PNEUS CAT - 924 H OU EQUIVALENTE | N22: 30010
A23: 30011 | B23: ESCAVADEIRA HIDRÁULICA - 320DL OU EQUIVALENTE | C23: =C21 -> 30105 | D23: 1 | E23: 365.15 | G23: =TRUNC((D23*E23)/60,2) -> 6.08 | I23: =TRUNC(F23*G23*H23,2) -> 0 | K23: =TRUNC(240*G23*1,2) -> 1459.2 | L23: 30007 | M23: CARREGADEIRA DE PNEUS CAT - 950 H OU EQUIVALENTE | N23: 30007
A24: 30057 | B24: ESCAVADEIRA HIDRÁULICA - CAT 323DL OU EQUIVALENTE | C24: =C21 -> 30105 | D24: 1 | E24: 365.15 | G24: =TRUNC((D24*E24)/60,2) -> 6.08 | I24: =TRUNC(F24*G24*H24,2) -> 0 | K24: =TRUNC(240*G24*1,2) -> 1459.2 | L24: 30011 | M24: ESCAVADEIRA HIDRÁULICA - 320DL OU EQUIVALENTE | N24: 30011
A25: 30019 | B25: FRESADORA A FRIO - W 200 F OU EQUIVALENTE | C25: =C21 -> 30105 | D25: 1 | E25: 365.15 | G25: =TRUNC((D25*E25)/60,2) -> 6.08 | I25: =TRUNC(F25*G25*H25,2) -> 0 | K25: =TRUNC(240*G25*1,2) -> 1459.2 | L25: 30057 | M25: ESCAVADEIRA HIDRÁULICA - CAT 323DL OU EQUIVALENTE | N25: 30057
A26: 30158 | B26: MINI-CARREGADEIRA DE PNEUS COM FRESADORA | C26: =C21 -> 30105 | D26: 0.33 | E26: 365.15 | G26: =TRUNC((D26*E26)/60,2) -> 2 | I26: =TRUNC(F26*G26*H26,2) -> 0 | K26: =TRUNC(240*G26*1,2) -> 480 | L26: 30019 | M26: FRESADORA A FRIO - W 200 F OU EQUIVALENTE | N26: 30019
A27: 30058 | B27: MINI-CARREGADEIRA DE PNEUS COM VASSOURA DE 1,8 m | C27: =C21 -> 30105 | D27: 0.33 | E27: 365.15 | G27: =TRUNC((D27*E27)/60,2) -> 2 | I27: =TRUNC(F27*G27*H27,2) -> 0 | K27: =TRUNC(240*G27*1,2) -> 480 | L27: 30158 | M27: MINI-CARREGADEIRA DE PNEUS COM FRESADORA | N27: 30158
A28: 30046 | B28: MOTONIVELADORA - CAT 120K OU EQUIVALENTE | C28: =C21 -> 30105 | D28: 1 | E28: 365.15 | G28: =TRUNC((D28*E28)/60,2) -> 6.08 | I28: =TRUNC(F28*G28*H28,2) -> 0 | K28: =TRUNC(240*G28*1,2) -> 1459.2 | L28: 30058 | M28: MINI-CARREGADEIRA DE PNEUS COM VASSOURA DE 1,8 m | N28: 30058
A29: 30170 | B29: PERFURATRIZ HIDRÁULICA SOBRE ESTEIRAS PARA ESTACA RAIZ | C29: =C22 -> 30105 | D29: 1 | E29: 365.15 | G29: =TRUNC((D29*E29)/60,2) -> 6.08 | I29: =TRUNC(F29*G29*H29,2) -> 0 | L29: 30046 | M29: MOTONIVELADORA - CAT 120K OU EQUIVALENTE | N29: 30046
A30: 30029 | B30: PERFURATRIZ SOBRE ESTEIRAS - CRAWLER DRILL OU EQUIVALENTE | C30: =C21 -> 30105 | D30: 0.5 | E30: 365.15 | G30: =TRUNC((D30*E30)/60,2) -> 3.04 | I30: =TRUNC(F30*G30*H30,2) -> 0 | K30: =TRUNC(240*G30*1,2) -> 729.6 | L30: 30170 | M30: PERFURATRIZ HIDRÁULICA SOBRE ESTEIRAS PARA ESTACA RAIZ | N30: 30170
A31: 30101 | B31: RECICLADORA DE PAVIMENTO À FRIO - CATERPILLAR RM-500 OU EQUIVALENTE | C31: =C21 -> 30105 | D31: 1 | E31: 365.15 | G31: =TRUNC((D31*E31)/60,2) -> 6.08 | I31: =TRUNC(F31*G31*H31,2) -> 0 | K31: =TRUNC(240*G31*1,2) -> 1459.2 | L31: 30029 | M31: PERFURATRIZ SOBRE ESTEIRAS - CRAWLER DRILL OU EQUIVALENTE | N31: 30029
A32: 30008 | B32: RETRO ESCAVADEIRA DE PNEUS - CATERPILLAR 416E OU EQUIVALENTE | C32: =C21 -> 30105 | D32: 0.5 | E32: 365.15 | G32: =TRUNC((D32*E32)/60,2) -> 3.04 | I32: =TRUNC(F32*G32*H32,2) -> 0 | K32: =TRUNC(240*G32*1,2) -> 729.6 | L32: 30101 | M32: RECICLADORA DE PAVIMENTO À FRIO - CATERPILLAR RM-500 OU EQUIVALENTE | N32: 30101
A33: 30015 | B33: ROLO COMPACTADOR DE PNEUS AUTOPROPELIDO - 27 T | C33: =C21 -> 30105 | D33: 0.5 | E33: 365.15 | G33: =TRUNC((D33*E33)/60,2) -> 3.04 | I33: =TRUNC(F33*G33*H33,2) -> 0 | K33: =TRUNC(240*G33*1,2) -> 729.6 | L33: 30008 | M33: RETRO ESCAVADEIRA DE PNEUS - CATERPILLAR 416E OU EQUIVALENTE | N33: 30008
A34: 30012 | B34: ROLO LISO TANDEN - 6/8 T - CA-150 OU EQUIVALENTE | C34: =C21 -> 30105 | D34: 0.5 | E34: 365.15 | G34: =TRUNC((D34*E34)/60,2) -> 3.04 | I34: =TRUNC(F34*G34*H34,2) -> 0 | K34: =TRUNC(240*G34*1,2) -> 729.6 | L34: 30015 | M34: ROLO COMPACTADOR DE PNEUS AUTOPROPELIDO - 27 T | N34: 30015
A35: 30014 | B35: ROLO LISO VIBRATÓRIO AUTOPROPELIDO - CS533 E OU EQUIVALENTE | C35: =C21 -> 30105 | D35: 0.5 | E35: 365.15 | G35: =TRUNC((D35*E35)/60,2) -> 3.04 | I35: =TRUNC(F35*G35*H35,2) -> 0 | K35: =TRUNC(240*G35*1,2) -> 729.6 | L35: 30012 | M35: ROLO LISO TANDEN - 6/8 T - CA-150 OU EQUIVALENTE | N35: 30012
A36: 30009 | B36: ROLO PÉ DE CARNEIRO AUTOPROPELIDO - CA 250 OU EQUIVALENTE | C36: =C21 -> 30105 | D36: 0.5 | E36: 365.15 | G36: =TRUNC((D36*E36)/60,2) -> 3.04 | I36: =TRUNC(F36*G36*H36,2) -> 0 | K36: =TRUNC(240*G36*1,2) -> 729.6 | L36: 30014 | M36: ROLO LISO VIBRATÓRIO AUTOPROPELIDO - CS533 E OU EQUIVALENTE | N36: 30014
A37: 30020 | B37: TANQUE DE ESTOCAGEM ASFALTO (30.000L) | C37: =C21 -> 30105 | D37: 1 | E37: 365.15 | G37: =TRUNC((D37*E37)/60,2) -> 6.08 | I37: =TRUNC(F37*G37*H37,2) -> 0 | K37: =TRUNC(240*G37*1,2) -> 1459.2 | L37: 30009 | M37: ROLO PÉ DE CARNEIRO AUTOPROPELIDO - CA 250 OU EQUIVALENTE | N37: 30009
A38: 30005 | B38: TRATOR DE PNEUS AGRÍCOLA - MF 4292 OU EQUIVALENTE | C38: =C21 -> 30105 | D38: 0.5 | E38: 365.15 | G38: =TRUNC((D38*E38)/60,2) -> 3.04 | I38: =TRUNC(F38*G38*H38,2) -> 0 | K38: =TRUNC(240*G38*1,2) -> 729.6 | L38: 30020 | M38: TANQUE DE ESTOCAGEM ASFALTO (30.000L) | N38: 30020
A39: 30006 | B39: TRATOR DE PNEUS COM ROÇADEIRA | C39: =C21 -> 30105 | D39: 0.5 | E39: 365.15 | G39: =TRUNC((D39*E39)/60,2) -> 3.04 | I39: =TRUNC(F39*G39*H39,2) -> 0 | K39: =TRUNC(240*G39*1,2) -> 729.6 | L39: 30005 | M39: TRATOR DE PNEUS AGRÍCOLA - MF 4292 OU EQUIVALENTE | N39: 30005
A40: 30001 | B40: TRATOR ESTEIRAS COM LÂMINA - CAT D8 OU EQUIVALENTE | C40: =C21 -> 30105 | D40: 1 | E40: 365.15 | G40: =TRUNC((D40*E40)/60,2) -> 6.08 | I40: =TRUNC(F40*G40*H40,2) -> 0 | K40: =TRUNC(240*G40*1,2) -> 1459.2 | L40: 30006 | M40: TRATOR DE PNEUS COM ROÇADEIRA | N40: 30006
A41: 30002 | B41: TRATOR ESTEIRAS COM ESCARIFICADOR - CAT D8 OU EQUIVALENTE | C41: =C21 -> 30105 | D41: 1 | E41: 365.15 | G41: =TRUNC((D41*E41)/60,2) -> 6.08 | I41: =TRUNC(F41*G41*H41,2) -> 0 | K41: =TRUNC(240*G41*1,2) -> 1459.2 | L41: 30001 | M41: TRATOR ESTEIRAS COM LÂMINA - CAT D8 OU EQUIVALENTE | N41: 30001
A42: 30059 | B42: TRATOR ESTEIRAS COM LAMINA - CAT D4 OU EQUIVALENTE | C42: =C21 -> 30105 | D42: 0.5 | E42: 365.15 | G42: =TRUNC((D42*E42)/60,2) -> 3.04 | I42: =TRUNC(F42*G42*H42,2) -> 0 | K42: =TRUNC(240*G42*1,2) -> 729.6 | L42: 30002 | M42: TRATOR ESTEIRAS COM ESCARIFICADOR - CAT D8 OU EQUIVALENTE | N42: 30002
A43: 30000 | B43: TRATOR ESTEIRAS COM LAMINA - CAT D6 OU EQUIVALENTE | C43: =C21 -> 30105 | D43: 0.5 | E43: 365.15 | G43: =TRUNC((D43*E43)/60,2) -> 3.04 | I43: =TRUNC(F43*G43*H43,2) -> 0 | K43: =TRUNC(240*G43*1,2) -> 729.6 | L43: 30059 | M43: TRATOR ESTEIRAS COM LAMINA - CAT D4 OU EQUIVALENTE | N43: 30059
A44: 30025 | B44: USINA DE ASFALTO A QUENTE 80 t/h | C44: =C21 -> 30105 | D44: 3 | E44: 365.15 | G44: =TRUNC((D44*E44)/60,2) -> 18.25 | I44: =TRUNC(F44*G44*H44,2) -> 0 | K44: =TRUNC(240*G44*1,2) -> 4380 | L44: 30000 | M44: TRATOR ESTEIRAS COM LAMINA - CAT D6 OU EQUIVALENTE | N44: 30000
A45: 30016 | B45: USINA MISTURADORA DE SOLO 300 t/h | C45: =C21 -> 30105 | D45: 2 | E45: 365.15 | G45: =TRUNC((D45*E45)/60,2) -> 12.17 | I45: =TRUNC(F45*G45*H45,2) -> 0 | K45: =TRUNC(240*G45*1,2) -> 2920.8 | L45: 30025 | M45: USINA DE ASFALTO A QUENTE 80 t/h | N45: 30025
A46: 30024 | B46: USINA PRÉ-MISTURADO A FRIO 60 t/h | C46: =C21 -> 30105 | D46: 1 | E46: 365.15 | G46: =TRUNC((D46*E46)/60,2) -> 6.08 | I46: =TRUNC(F46*G46*H46,2) -> 0 | K46: =TRUNC(240*G46*1,2) -> 1459.2 | L46: 30016 | M46: USINA MISTURADORA DE SOLO 300 t/h | N46: 30016
A47: 30023 | B47: VIBROACABADORA DE ASFALTO SOBRE ESTEIRAS | C47: =C21 -> 30105 | D47: 0.5 | E47: 365.15 | G47: =TRUNC((D47*E47)/60,2) -> 3.04 | I47: =TRUNC(F47*G47*H47,2) -> 0 | K47: =TRUNC(240*G47*1,2) -> 729.6 | L47: 30024 | M47: USINA PRÉ-MISTURADO A FRIO 60 t/h | N47: 30024
A48: Sub Total de Equipamento (F) : | I48: =SUM(I21:I47)+SUM(I6:I19) -> 0 | K48: =SUM(K6:K47) -> 47104.8 | L48: 30023 | M48: VIBROACABADORA DE ASFALTO SOBRE ESTEIRAS | N48: 30023
A49: Mão de Obra | F49: Percentual mobilizado (G) | G49: Custo | H49: Total de operários (I) | I49: Total
G50: (H) | I50: (GxHxI)
A51: - | B51: EFETIVO PESSOAL A SER MOBILIZADO | G51: 103.79 | I51: =TRUNC(F51*G51*H51,2) -> 0 | K51: =TRUNC((30/100)*G51*100,2) -> 3113.7
A52: Sub Total de Mão de Obra (J) : | I52: =I51 -> 0 | K52: =K51 -> 3113.7
A53: Custo por Mobilização (K=F+J) : | I53: =I48+I52 -> 0 | K53: =K48+K52 -> 50218.5
A54: 0.206 | I54: 0 | K54: =TRUNC(K53*A54,2) -> 10345.01
A55: Preço por Mobilização (M=K+L) : | I55: =I53+I54 -> 0 | K55: =K53+K54 -> 60563.51
A56: Total Mobilização / Desmobilização (2xM) : | I56: =2*I55 -> 0 | K56: =K55*2 -> 121127.02
A57: *Distância do canteiro a Goiânia, mínimo de 50 Km.

Sheet BDI 20,60%
B2: DETALHAMENTO DA COMPOSIÇÃO DO B.D.I.
B5: ITENS RELATIVOS Á ADMINISTRAÇÃO DA OBRA | C5: % sobre CD
B7: AC - Administração Central | C7: 0.04005
B8: DF- Despesas Financeiras | C8: 0.0077
B9: R - Riscos | C9: 0.0056
B10: S - Seguros e Garantias Contratuais | C10: 0.0011
B11: Sub-total: | C11: 0.05445
B14: LUCRO | C14: % sobre CD
B16: F - Lucro Operacional | C16: 0.073
B17: Sub-total: | C17: 0.073
B19: TAXAS E IMPOSTOS | C19: % sobre CD
B21: G - PIS | C21: 0.0065
B22: H - COFINS | C22: 0.03
B23: I - ISSQN | C23: 0.025
B24: C - CPRB | C24: 0
B25: Sub-total: | C25: 0.0615
B27: BDI COM IMPOSTOS (%) | C27: 0.206
B35: Nilton Aires do Couto Junior
B36: Centrutora Centro Leste S/A
B37: CNPJ 02.155.735/0001-10
G74: Nilton Aires do Couto Junior
G75: Centrutora Centro Leste S/A
G76: CNPJ 02.155.735/0001-10

Sheet BDI 11,85%
B2: DETALHAMENTO DA COMPOSIÇÃO DO B.D.I. REDUZIDO
B5: ITENS RELATIVOS Á ADMINISTRAÇÃO DA OBRA | C5: % sobre CD
B7: AC - Administração Central | C7: 0.02395
B8: DF- Despesas Financeiras | C8: 0.0046
B9: R - Riscos | C9: 0.0033
B10: S - Seguros e Garantias Contratuais | C10: 0.0005
B11: Sub-total: | C11: 0.03235
B14: LUCRO | C14: % sobre CD
B16: F - Lucro Operacional | C16: 0.0438
B17: Sub-total: | C17: 0.0438
B19: TAXAS E IMPOSTOS | C19: % sobre CD
B21: G - PIS | C21: 0.0065
B22: H - COFINS | C22: 0.03
B23: I - ISSQN | C23: 0
B24: C - CPRB | C24: 0
B25: Sub-total: | C25: 0.0365
B27: BDI COM IMPOSTOS (%) | C27: 0.1185
B34: Nilton Aires do Couto Junior
B35: Centrutora Centro Leste S/A
B36: CNPJ 02.155.735/0001-10

Sheet Encargos CCL
B2: RESUMO DE ENCARGOS SOCIAIS TRABALHISTAS PARA OBRAS RODOVIÁRIAS - GOINFRA
B3: ENCARGOS SOCIAIS – HORISTAS
B4: A | C4: ENCARGOS SOCIAIS BÁSICOS
B5: A1 | C5: INSS | G5: 0.2
B6: A2 | C6: FGTS | G6: 0.08
B7: A3 | C7: SESI | G7: 0.015
B8: A4 | C8: SENAI | G8: 0.01
B9: A5 | C9: INCRA | G9: 0.002
B10: A6 | C10: Salário Educação | G10: 0.025
B11: A7 | C11: Seguro contra acidente de trabalho INSS | G11: 0.03
B12: A8 | C12: SEBRAE | G12: 0.006
B13: A9 | C13: SECONCI | G13: 0.01
B14: B | C14: ENCARGOS TRABALISTAS | D14: TOTAL GRUPO A : | G14: 0.378
B15: B1 | C15: Repouso semanal remunerado | G15: 0.1755
B16: B2 | C16: Feriados | G16: 0.0403
B17: B3 | C17: Férias e 1/3 de férias | G17: 0.122
B18: B4 | C18: Auxílio Enfermidade | G18: 0.0093
B19: B5 | C19: Auxílio Acidente | G19: 0.00494
B20: B6 | C20: Licença Paternidade | G20: 0.0008
B21: B7 | C21: 13° Salário | G21: 0.09154
B22: B8 | C22: Faltas Justificadas | G22: 0.0073
D23: TOTAL GRUPO B : | G23: 0.45165
B24: C | C24: ENCARGOS INDENIZATÓRIOS
B25: C1 | C25: Aviso Prévio Indenizado | G25: 0.059
B26: C2 | C26: Aviso Prévio Trabalhado | G26: 0.0016
B27: C3 | C27: Férias Indenizadas | G27: 0.00654
B28: C4 | C28: Multa por Rescisão do Contrato de Trabalho sem Justa Causa | G28: 0.03524
B29: C5 | C29: Indenização Adicional | G29: 0.0069
C30: TOTAL GRUPO C : | G30: 0.1093
B31: D | C31: INCIDÊNCIAS CUMULATIVAS
B32: D1 | C32: Incidência do Grupo A sobre B | D32: 0.1707 | G32: 0.1707
B33: D2 | C33: Reincidência do Grupo A sobre Aviso Prévio Trabalhado + Reincidência do FGTS sobre Aviso Prévio Indenizado | G33: 0.0053248
C34: TOTAL GRUPO D : | G34: 0.1760485
C35: PERCENTUAL TOTAL DE ENCARGOS SOCIAIS | G35: 1.115

Sheet CRONOGRAMA
E2: RESTAURAÇÃO DA GO-184/180 NO TRECHO: ITUMIRIM / APORÉ / TREVO PARA CASSILÂNDIA
C6: CRONOGRAMA FÍSICO - FINANCEIRO
B7: ITEM | C7: ATIVIDADES | D7: VALOR ETAPA | E7: MÊS
E8: 1º MÊS | F8: 2º MÊS | G8: 3º MÊS | H8: 4º MÊS | I8: 5º MÊS | J8: 6º MÊS | K8: 7º MÊS | L8: 8º MÊS | M8: 9º MÊS | N8: 10º MÊS | O8: 11º MÊS | P8: 12º MÊS | Q8: 13º MÊS | R8: 14º MÊS | S8: 15º MÊS | T8: 16º MÊS | U8: 17º MÊS | V8: 18º MÊS | W8: 19º MÊS | X8: 20º MÊS | Y8: 21º MÊS | Z8: 22º MÊS | AA8: 23º MÊS | AB8: 24º MÊS
B9: 1 | C9: ADMINISTRAÇÃO, CANTEIRO E MOBILIZAÇÃO (GOINFRA) | D9: 7037876.5 | E9: 0.0416 | F9: 0.0416 | G9: 0.0416 | H9: 0.0416 | I9: 0.0416 | J9: 0.0416 | K9: 0.0416 | L9: 0.0416 | M9: 0.0416 | N9: 0.0416 | O9: 0.0416 | P9: 0.0416 | Q9: 0.0416 | R9: 0.0418 | S9: 0.0418 | T9: 0.0418 | U9: 0.0418 | V9: 0.0418 | W9: 0.0418 | X9: 0.0418 | Y9: 0.0418 | Z9: 0.0416 | AA9: 0.0416 | AB9: 0.0416
E10: 292775.66 | F10: 292775.66 | G10: 292775.66 | H10: 292775.66 | I10: 292775.66 | J10: 292775.66 | K10: 292775.66 | L10: 292775.66 | M10: 292775.66 | N10: 292775.66 | O10: 292775.66 | P10: 292775.66 | Q10: 292775.66 | R10: 294183.24 | S10: 294183.24 | T10: 294183.24 | U10: 294183.24 | V10: 294183.24 | W10: 294183.24 | X10: 294183.24 | Y10: 294183.24 | Z10: 292775.66 | AA10: 292775.66 | AB10: 292775.66
B11: 2 | C11: TERRAPLENAGEM | D11: 11970 | E11: 0 | F11: 0.1 | G11: 0.1 | H11: 0.1 | I11: 0.1 | J11: 0.1 | K11: 0.1 | L11: 0.1 | M11: 0.1 | N11: 0.1 | O11: 0.1 | P11: 0 | Q11: 0 | R11: 0 | S11: 0 | T11: 0 | U11: 0 | V11: 0 | W11: 0 | X11: 0 | Y11: 0 | Z11: 0 | AA11: 0 | AB11: 0
E12: 0 | F12: 1197 | G12: 1197 | H12: 1197 | I12: 1197 | J12: 1197 | K12: 1197 | L12: 1197 | M12: 1197 | N12: 1197 | O12: 1197 | P12: 0 | Q12: 0 | R12: 0 | S12: 0 | T12: 0 | U12: 0 | V12: 0 | W12: 0 | X12: 0 | Y12: 0 | Z12: 0 | AA12: 0 | AB12: 0
B13: 3 | C13: PAVIMENTAÇÃO | D13: 2.3753733e+08 | E13: 0 | F13: 0.04 | G13: 0.04 | H13: 0.04 | I13: 0.04 | J13: 0.04 | K13: 0.04 | L13: 0.04 | M13: 0.04 | N13: 0.04 | O13: 0.04 | P13: 0.05 | Q13: 0.05 | R13: 0.05 | S13: 0.05 | T13: 0.05 | U13: 0.05 | V13: 0.05 | W13: 0.05 | X13: 0.04 | Y13: 0.04 | Z13: 0.04 | AA13: 0.04 | AB13: 0.04
E14: 0 | F14: 9501493.3 | G14: 9501493.3 | H14: 9501493.3 | I14: 9501493.3 | J14: 9501493.3 | K14: 9501493.3 | L14: 9501493.3 | M14: 9501493.3 | N14: 9501493.3 | O14: 9501493.3 | P14: 11876867 | Q14: 11876867 | R14: 11876867 | S14: 11876867 | T14: 11876867 | U14: 11876867 | V14: 11876867 | W14: 11876867 | X14: 9501493.3 | Y14: 9501493.3 | Z14: 9501493.3 | AA14: 9501493.3 | AB14: 9501493.3
B15: 4 | C15: DRENAGEM | D15: 5254645.1 | E15: 0 | F15: 0 | G15: 0.04 | H15: 0.04 | I15: 0.04 | J15: 0.04 | K15: 0.04 | L15: 0.04 | M15: 0.04 | N15: 0.04 | O15: 0.04 | P15: 0.04 | Q15: 0.04 | R15: 0.04 | S15: 0.04 | T15: 0.04 | U15: 0.04 | V15: 0.06 | W15: 0.06 | X15: 0.06 | Y15: 0.06 | Z15: 0.06 | AA15: 0.05 | AB15: 0.05
E16: 0 | F16: 0 | G16: 210185.8 | H16: 210185.8 | I16: 210185.8 | J16: 210185.8 | K16: 210185.8 | L16: 210185.8 | M16: 210185.8 | N16: 210185.8 | O16: 210185.8 | P16: 210185.8 | Q16: 210185.8 | R16: 210185.8 | S16: 210185.8 | T16: 210185.8 | U16: 210185.8 | V16: 315278.71 | W16: 315278.71 | X16: 315278.71 | Y16: 315278.71 | Z16: 315278.71 | AA16: 262732.26 | AB16: 262732.26
B17: 5 | C17: OBRAS DE ARTE CORRENTE | D17: 202447.15 | E17: 0 | F17: 0 | G17: 0 | H17: 0 | I17: 0.1 | J17: 0.15 | K17: 0.15 | L17: 0.1 | M17: 0 | N17: 0 | O17: 0 | P17: 0 | Q17: 0 | R17: 0 | S17: 0 | T17: 0 | U17: 0.1 | V17: 0.15 | W17: 0.15 | X17: 0.1 | Y17: 0 | Z17: 0 | AA17: 0 | AB17: 0
E18: 0 | F18: 0 | G18: 0 | H18: 0 | I18: 20244.715 | J18: 30367.073 | K18: 30367.073 | L18: 20244.715 | M18: 0 | N18: 0 | O18: 0 | P18: 0 | Q18: 0 | R18: 0 | S18: 0 | T18: 0 | U18: 20244.715 | V18: 30367.073 | W18: 30367.073 | X18: 20244.715 | Y18: 0 | Z18: 0 | AA18: 0 | AB18: 0
B19: 6 | C19: MEIO AMBIENTE | D19: 259890.4 | E19: 0 | F19: 0 | G19: 0 | H19: 0 | I19: 0 | J19: 0 | K19: 0 | L19: 0.1 | M19: 0.1 | N19: 0.1 | O19: 0.1 | P19: 0.1 | Q19: 0 | R19: 0 | S19: 0 | T19: 0 | U19: 0 | V19: 0 | W19: 0 | X19: 0.1 | Y19: 0.1 | Z19: 0.1 | AA19: 0.1 | AB19: 0.1
E20: 0 | F20: 0 | G20: 0 | H20: 0 | I20: 0 | J20: 0 | K20: 0 | L20: 25989.04 | M20: 25989.04 | N20: 25989.04 | O20: 25989.04 | P20: 25989.04 | Q20: 0 | R20: 0 | S20: 0 | T20: 0 | U20: 0 | V20: 0 | W20: 0 | X20: 25989.04 | Y20: 25989.04 | Z20: 25989.04 | AA20: 25989.04 | AB20: 25989.04
B21: 7 | C21: SINALIZAÇÃO | D21: 3888296 | E21: 0 | F21: 0.04 | G21: 0.04 | H21: 0.04 | I21: 0.04 | J21: 0.04 | K21: 0.04 | L21: 0.04 | M21: 0.04 | N21: 0.04 | O21: 0.04 | P21: 0.04 | Q21: 0 | R21: 0.04 | S21: 0.05 | T21: 0.05 | U21: 0.04 | V21: 0.04 | W21: 0.04 | X21: 0.04 | Y21: 0.04 | Z21: 0.1 | AA21: 0.1 | AB21: 0.02
E22: 0 | F22: 155531.84 | G22: 155531.84 | H22: 155531.84 | I22: 155531.84 | J22: 155531.84 | K22: 155531.84 | L22: 155531.84 | M22: 155531.84 | N22: 155531.84 | O22: 155531.84 | P22: 155531.84 | Q22: 0 | R22: 155531.84 | S22: 194414.8 | T22: 194414.8 | U22: 155531.84 | V22: 155531.84 | W22: 155531.84 | X22: 155531.84 | Y22: 155531.84 | Z22: 388829.6 | AA22: 388829.6 | AB22: 77765.919
B23: 8 | C23: OBRAS COMPLEMENTARES | D23: 7541.69 | E23: 0 | F23: 0 | G23: 0 | H23: 0 | I23: 0 | J23: 0 | K23: 0 | L23: 0 | M23: 0 | N23: 0.1 | O23: 0.1 | P23: 0.2 | Q23: 0 | R23: 0 | S23: 0 | T23: 0 | U23: 0 | V23: 0 | W23: 0 | X23: 0 | Y23: 0 | Z23: 0.2 | AA23: 0.2 | AB23: 0.2
E24: 0 | F24: 0 | G24: 0 | H24: 0 | I24: 0 | J24: 0 | K24: 0 | L24: 0 | M24: 0 | N24: 754.169 | O24: 754.169 | P24: 1508.338 | Q24: 0 | R24: 0 | S24: 0 | T24: 0 | U24: 0 | V24: 0 | W24: 0 | X24: 0 | Y24: 0 | Z24: 1508.338 | AA24: 1508.338 | AB24: 1508.338
B25: TOTAL | D25: 2.542e+08
B26: Percentual Parcial %) | E26: 0.0011517532 | F26: 0.039146333 | G26: 0.039973185 | H26: 0.039973185 | I26: 0.040052826 | J26: 0.040092646 | K26: 0.040092646 | L26: 0.040155064 | M26: 0.040075424 | N26: 0.04007839 | O26: 0.04007839 | P26: 0.049421154 | Q26: 0.048701133 | R26: 0.049318519 | S26: 0.049471481 | T26: 0.049471481 | U26: 0.04939816 | V26: 0.049851406 | W26: 0.049851406 | X26: 0.040569319 | Y26: 0.040489678 | Z26: 0.041407847 | AA26: 0.041201134 | AB26: 0.039977437
B27: Parcial (R$) | E27: 292775.66 | F27: 9950997.8 | G27: 10161184 | H27: 10161184 | I27: 10181428 | J27: 10191551 | K27: 10191551 | L27: 10207417 | M27: 10187173 | N27: 10187927 | O27: 10187927 | P27: 12562857 | Q27: 12379828 | R27: 12536768 | S27: 12575650 | T27: 12575650 | U27: 12557012 | V27: 12672228 | W27: 12672228 | X27: 10312721 | Y27: 10292476 | Z27: 10525875 | AA27: 10473328 | AB27: 10162265
B28: Percentual Acumulado (%) | E28: 0.0011517532 | F28: 0.040298086 | G28: 0.080271271 | H28: 0.12024446 | I28: 0.16029728 | J28: 0.20038993 | K28: 0.24048257 | L28: 0.28063764 | M28: 0.32071306 | N28: 0.36079145 | O28: 0.40086984 | P28: 0.450291 | Q28: 0.49899213 | R28: 0.54831065 | S28: 0.59778213 | T28: 0.64725361 | U28: 0.69665177 | V28: 0.74650318 | W28: 0.79635459 | X28: 0.8369239 | Y28: 0.87741358 | Z28: 0.91882143 | AA28: 0.96002256 | AB28: 1
B29: Acumulado (R$) | E29: 292775.66 | F29: 10243773 | G29: 20404957 | H29: 30566141 | I29: 40747569 | J29: 50939120 | K29: 61130671 | L29: 71338088 | M29: 81525261 | N29: 91713187 | O29: 1.0190111e+08 | P29: 1.1446397e+08 | Q29: 1.268438e+08 | R29: 1.3938057e+08 | S29: 1.5195622e+08 | T29: 1.6453187e+08 | U29: 1.7708888e+08 | V29: 1.8976111e+08 | W29: 2.0243334e+08 | X29: 2.1274606e+08 | Y29: 2.2303853e+08 | Z29: 2.3356441e+08 | AA29: 2.4403774e+08 | AB29: 2.542e+08

Sheet COMP SARJETA
A1: Tabela de preços: TABELA DE TERRAPLENAGEM, PAVIMENTAÇÃO E OBRAS DE ARTE ESPECIAIS - | R1: Data base: 01/04/2024
A2: Serviço: 41319 SARJETA TRIANGULAR DE CONCRETO - STC04 (AC/BC) | R2: Unidade: m
A3: Observações: PROJETO-TIPO DO ÁLBUM DE DISPOSITIVOS DE DRENAGEM DO DNIT - 4a EDIÇÃO (IPR-736) - COMPOSIÇÃO RETIFICADA CONFORME NOTA TÉCNICA DO ORÇAMENTO
A5: (A)Equipamento | C5: Código Auxiliar | E5: Ut. Pr | H5: Ut. Impr | K5: Vl. Hr. Prod | P5: Vl. Hr. Imp | W5: Consumo | Y5: Custo Horário
A6: (A)Total: | X6: 0
A8: (B)Mão-de-Obra | C8: Código Auxiliar | E8: Eq. Salarial | J8: Sal/Hora | N8: Encargos(%) | U8: Consumo | Y8: Custo Horário
A9: ENCARREGADO DE SERVIÇO | C9: 20002 | E9: 11.49 | J9: 24.3 | N9: 111.5 | U9: 0.15 | Y9: =TRUNC(U9*J9,2) -> 3.64
A10: (B)Total: | X10: =Y9 -> 3.64
A12: (C)Itens de Incidência | C12: Código Auxiliar | E12: % | J12: M. O. | M12: Equip. | P12: Mat. | V12: Custo
A13: ALIMENTAÇÃO | C13: 0012 | E13: 0.096 | J13: X | V13: =TRUNC(E13*$X$10,2) -> 0.34
A14: EPI | C14: 0011 | E14: 0.0112 | J14: X | V14: =TRUNC(E14*$X$10,2) -> 0.04
A15: TRANSPORTE DE PESSOAL | C15: 0013 | E15: 0.0479 | J15: X | V15: =TRUNC(E15*$X$10,2) -> 0.17
A16: (C)Total: | X16: =SUM(V13:Z15) -> 0.55
A18: Custo Horário da Execução (A) + (B) + (C) | R18: =X6+X10+X16 -> 4.19
A19: (D) Produção da Equipe | R19: 1
A20: (E) Custo Unitário da Execução [(A) + (B) + (C)] / (D) | R20: =R18/R19 -> 4.19
A22: (F)Materiais | F22: Código Auxiliar | I22: Unid. | L22: Custo Unitário | S22: Consumo | Y22: Custo Unitário
A23: (F)Total: | X23: 0
A25: (G)Serviços | F25: Código Auxiliar | I25: Unid. | L25: Custo Unitário | S25: Consumo | Y25: Custo Unitário
A26: CONCRETO FCK=15 MPA P/ DRENAGEM | F26: 42836 | I26: m3 | L26: 428.09 | S26: 0.066 | Y26: =TRUNC(S26*L26,2) -> 28.25
A27: CONFECÇÃO E INSTALAÇÃO DE GUIAS | F27: 47021 | I27: M | L27: 3.07 | S27: 0.0235 | Y27: =TRUNC(S27*L27,2) -> 0.07
A28: ESCAVAÇÃO E CARGA DE MATERIAL DE JAZIDA | F28: 40315 | I28: m3 | L28: 3.86 | S28: 0.2 | Y28: =TRUNC(S28*L28,2) -> 0.77
A29: ESCAVAÇÃO MANUAL | F29: 47027 | I29: m3 | L29: 57.93 | S29: 0.11 | Y29: =TRUNC(S29*L29,2) -> 6.37
A30: (G)Total: | X30: =SUM(Y26:Z29) -> 35.46
A32: (H)Itens de Transporte | B32: Código Auxiliar | D32: Unid. | G32: Fórmula | L32: X1 | O32: X2 | Q32: X3 | T32: Custo | X32: Consumo | Z32: Custo Unit.
A33: (H)Total: | X33: 0
A35: Custo Direto Total (E) + (F) + (G) + (H): | X35: =R20+X23+X30+X33 -> 39.65
A36: BDI: | W36: ='Orçamento Sintético '!#REF! -> #REF! | X36: =TRUNC(W36*X35,2) -> #REF!
A37: Preço unitário total: | X37: =X36+X35 -> #REF!
Z38: =X37 -> #REF!

Sheet 40606A
G1: GOINFRA - Agência Goiana de Infraestrutura e Transportes | AI1: 27/06/2024 - 14:33
G3: Relatório de Composição do Serviço
A5: Tabela de preços: TABELA DE TERRAPLENAGEM, PAVIMENTAÇÃO E OBRAS DE ARTE ESPECIAIS - ABR/24 - SEM DESONERAÇÃO - T247 | AA5: Data base: 01/04/2024
A6: Serviço: 40606A ESTABILIZAÇÃO SOLO BRITA 40% EM PESO + 2% CIMENTO - USINA | AA6: Unidade: m3
A8: (A)Equipamento | I8: Código Auxiliar | K8: Ut. Pr | O8: Ut. Impr | S8: Vl. Hr. Prod | Y8: Vl. Hr. Imp | AF8: Consumo | AK8: Custo Horário
A9: CAMINHÃO TANQUE 10.000L | I9: 30040 | K9: 0.17 | O9: 0.83 | S9: 285.4 | Y9: 62.1 | AF9: 1 | AK9: 100.05
A10: DISTRIBUIDOR DE AGREGADOS REBOCÁVEL | I10: 30018 | K10: 0.4 | O10: 0.6 | S10: 13.5 | Y10: 8.65 | AF10: 1 | AK10: 10.59
A11: ROLO LISO VIBRATÓRIO AUTOPROPELIDO - CS533 E OU EQUIVALENTE | I11: 30014 | K11: 0.52 | O11: 0.48 | S11: 239.85 | Y11: 102.75 | AF11: 1 | AK11: 174.04
A12: ROLO PÉ DE CARNEIRO AUTOPROPELIDO - CA 250 OU EQUIVALENTE | I12: 30009 | K12: 1 | O12: 0 | S12: 211.29 | Y12: 93.82 | AF12: 1 | AK12: 211.29
A13: (A)Total: | AH13: 495.97
A15: (B)Mão-de-Obra | I15: Código Auxiliar | K15: Eq. Salarial | Q15: Sal/Hora | W15: Encargos(%) | AD15: Consumo | AK15: Custo Horário
A16: AJUDANTE | I16: 20003 | K16: 7.2 | Q16: 15.22 | W16: 111.5 | AD16: 9 | AK16: 136.98
A17: ENCARREGADO DE SERVIÇO | I17: 20002 | K17: 11.49 | Q17: 24.3 | W17: 111.5 | AD17: 0.5 | AK17: 12.15
A18: GREDISTA | I18: 20013 | K18: 9.25 | Q18: 19.56 | W18: 111.5 | AD18: 1 | AK18: 19.56
A19: (B)Total: | AH19: 168.69
A21: (C)Itens de Incidência | I21: Código Auxiliar | K21: % | Q21: M. O. | U21: Equip. | Y21: Mat. | AE21: Custo
A22: ALIMENTAÇÃO | I22: 0012 | K22: 9.6 | Q22: X | AE22: 16.19
A23: EPI | I23: 0011 | K23: 1.12 | Q23: X | AE23: 1.88
A24: TRANSPORTE DE PESSOAL | I24: 0013 | K24: 4.79 | Q24: X | AE24: 8.08
A25: (C)Total: | AH25: 26.15
A27: Custo Horário da Execução (A) + (B) + (C) | AA27: 690.81
A28: (D) Produção da Equipe | AA28: 55.69
A29: (E) Custo Unitário da Execução [(A) + (B) + (C)] / (D) | AA29: 12.4
A31: (F)Materiais | L31: Código Auxiliar | P31: Unid. | T31: Custo Unitário | AB31: Consumo | AK31: Custo Unitário
A32: (F)Total: | AH32: 0
A34: (G)Serviços | L34: Código Auxiliar | P34: Unid. | T34: Custo Unitário | AB34: Consumo | AK34: Custo Unitário
A35: USINAGEM DE SOLO BRITA 40% EM PESO + 2% CIMENTO EM PESO | L35: 47115A | P35: m3 | T35: =AH90 -> 88.52 | AB35: 1 | AK35: =T35*AB35 -> 88.52
A36: (G)Total: | AH36: =AK35 -> 88.52
A38: (H)Itens de Transporte | H38: Código Auxiliar | J38: Unid. | M38: Fórmula | T38: X1 | X38: X2 | Z38: X3 | AC38: Custo | AH38: Consumo | AL38: Custo Unit.
A39: (H)Total: | AH39: 0
A41: Custo Direto Total (E) + (F) + (G) + (H): | AH41: =AH36+AA29 -> 100.92
A42: BDI:20,60% | AH42: =TRUNC(AH41*(20.6/100),2) -> 20.78
A43: Preço unitário total: | AH43: =SUM(AH41:AL42) -> 121.7
A55: Tabela de preços: TABELA DE TERRAPLENAGEM, PAVIMENTAÇÃO E OBRAS DE ARTE ESPECIAIS - ABR/24 - SEM DESONERAÇÃO - T247 | AA55: Data base: 01/04/2024
A56: Serviço: 47115A USINAGEM DE SOLO BRITA 40% EM PESO + 2% CIMENTO EM PESO | AA56: Unidade: m3
A58: (A)Equipamento | I58: Código Auxiliar | K58: Ut. Pr | O58: Ut. Impr | S58: Vl. Hr. Prod | Y58: Vl. Hr. Imp | AF58: Consumo | AK58: Custo Horário
A59: CARREGADEIRA DE PNEUS CAT - 950 H OU EQUIVALENTE | I59: 30007 | K59: 0.31 | O59: 0.69 | S59: 431.82 | Y59: 201.84 | AF59: 1 | AK59: =TRUNC(AF59*(TRUNC(K59*S59,2)+TRUNC(O59*Y59,2)),2) -> 273.12
A60: GRUPO GERADOR 145 / 160 kVA | I60: 30043 | K60: 0.46 | O60: 0.54 | S60: 125.65 | Y60: 8.02 | AF60: 1 | AK60: =TRUNC(AF60*(TRUNC(K60*S60,2)+TRUNC(O60*Y60,2)),2) -> 62.12
A61: USINA MISTURADORA DE SOLO 300 t/h | I61: 30016 | K61: 0.46 | O61: 0.54 | S61: 217.77 | Y61: 141.67 | AF61: 1 | AK61: =TRUNC(AF61*(TRUNC(K61*S61,2)+TRUNC(O61*Y61,2)),2) -> 176.67
A62: (A)Total: | AH62: =SUM(AK59:AL61) -> 511.91
A64: (B)Mão-de-Obra | I64: Código Auxiliar | K64: Eq. Salarial | Q64: Sal/Hora | W64: Encargos(%) | AD64: Consumo | AK64: Custo Horário
A65: AJUDANTE | I65: 20003 | K65: 7.2 | Q65: 15.22 | W65: 111.5 | AD65: 3 | AK65: 45.66
A66: ENCARREGADO DE SERVIÇO | I66: 20002 | K66: 11.49 | Q66: 24.3 | W66: 111.5 | AD66: 0.25 | AK66: 6.07
A67: (B)Total: | AH67: 51.73
A69: (C)Itens de Incidência | I69: Código Auxiliar | K69: % | Q69: M. O. | U69: Equip. | Y69: Mat. | AE69: Custo
A70: ALIMENTAÇÃO | I70: 0012 | K70: 9.6 | Q70: X | AE70: 4.96
A71: EPI | I71: 0011 | K71: 1.12 | Q71: X | AE71: 0.57
A72: TRANSPORTE DE PESSOAL | I72: 0013 | K72: 4.79 | Q72: X | AE72: 2.47
A73: (C)Total: | AH73: 8
A75: Custo Horário da Execução (A) + (B) + (C) | AA75: =AH73+AH67+AH62 -> 571.64
A76: (D) Produção da Equipe | AA76: 55.69
A77: (E) Custo Unitário da Execução [(A) + (B) + (C)] / (D) | AA77: =TRUNC(AA75/AA76,2) -> 10.26
A79: (F)Materiais | L79: Código Auxiliar | P79: Unid. | T79: Custo Unitário | AB79: Consumo | AK79: Custo Unitário
A80: BRITA - COMERCIAL (BC) | L80: 10082 | P80: m3 | T80: 93.53 | AB80: =ROUND(2063*(40/100)/1500,4) -> 0.5501 | AK80: =TRUNC(AB80*T80,2) -> 51.45
A81: CIMENTO PORTLAND CP II - 32 | L81: 10010 | P81: Kg | T81: 0.65 | AB81: =2.063*(2/100)*1000 -> 41.26 | AK81: =TRUNC(AB81*T81,2) -> 26.81
A82: (F)Total: | AH82: =SUM(AK80:AL81) -> 78.26
A84: (G)Serviços | L84: Código Auxiliar | P84: Unid. | T84: Custo Unitário | AB84: Consumo | AK84: Custo Unitário
A85: (G)Total: | AH85: 0
A87: (H)Itens de Transporte | H87: Código Auxiliar | J87: Unid. | M87: Fórmula | T87: X1 | X87: X2 | Z87: X3 | AC87: Custo | AH87: Consumo | AL87: Custo Unit.
A88: (H)Total: | AH88: 0
A90: Custo Direto Total (E) + (F) + (G) + (H): | AH90: =AH82+AA77 -> 88.52
A92: SCO - Sistema de Custos e Orçamentos

Sheet T-247
A1: Tabela de
A2: Preços:
A3: TABELA DE TERRAPLENAGEM, PAVIMENTAÇÃO E OBRAS DE ARTE
A4: ESPECIAIS - ABR/24 - SEM DESONERAÇÃO - T247
A5: Data Base: 01/04/2024
A6: Valores com BDI - BDI: 20,60%
A7: Código Auxiliar | B7: Serviço | C7: Unidade | D7: Preço Unitário
A8: 100001 | B8: TERRAPLENAGEM
A9: 40001 | B9: DESMATAMENTO E LIMPEZA - INCLUSO DESTOCAMENTO DE ÁRVORES COM DIÂMETROS MENORES DE 15 cm | C9: m2 | D9: 0.6
A10: 40003 | B10: DESTOCAMENTO DE ÁRVORES COM DIÂMETRO DE 15 A 30 cm | C10: un | D10: 45.04
A11: 40004 | B11: DESTOCAMENTO DE ÁRVORES COM DIÂMETRO MAIOR QUE 30 cm | C11: un | D11: 112.61
A12: 40005 | B12: CARGA DE ENTULHOS | C12: m3 | D12: 2.87
A13: 40006 | B13: TRANSPORTE DE ENTULHOS | C13: m3km | D13: 2.56
A14: 40010 | B14: ESCAVAÇÃO, CARGA E TRANSPORTE DE MATERIAL DE 1ª CATEGORIA ATÉ 50M | C14: m3 | D14: 3.3
A15: 40011 | B15: ESCAVAÇÃO, CARGA E TRANSPORTE DE MATERIAL DE 2ª CATEGORIA ATÉ 50M | C15: m3 | D15: 7.62
A16: 40012 | B16: ESCAVAÇÃO, CARGA E TRANSPORTE DE MATERIAL DE 3ª CATEGORIA ATÉ 50M | C16: m3 | D16: 38.6
A17: 40015 | B17: ESCAV., CARGA E TRANSPORTE DE MAT. 1ª CATEG. - C/ ESCAVADEIRA - (DT: 51 A 200M) | C17: m3 | D17: 8
A18: 40016 | B18: ESCAV., CARGA E TRANSPORTE DE MAT. 1ª CATEG. - C/ ESCAVADEIRA - (DT: 201 A 400M) | C18: m3 | D18: 9.26
A19: 40017 | B19: ESCAV., CARGA E TRANSPORTE DE MAT. 1ª CATEG. - C/ ESCAVADEIRA - (DT: 401 A 600M) | C19: m3 | D19: 9.81
A20: 40018 | B20: ESCAV., CARGA E TRANSPORTE DE MAT. 1ª CATEG. - C/ ESCAVADEIRA - (DT: 601 A 800M) | C20: m3 | D20: 11.02
... A40: 40040 | B40: ESCAV., CARGA E TRANSPORTE DE MAT. 2ª CATEG. - C/ ESCAVADEIRA - (DT: 2.001 A 3 .000M) | C40: m3 | D40: 22.55
A41: SCO - Sistema de Custos e Orçamentos Página: 1 de 11
A42: Código Auxiliar | B42: Serviço | C42: Unidade | D42: Preço Unitário
A43: 40041 | B43: ESCAV., CARGA E TRANSPORTE DE MAT. 2ª CATEG. - C/ ESCAVADEIRA - (DT: 3.001 A 5 .000M) | C43: m3 | D43: 30.12
A44: 40042 | B44: ESCAV., CARGA E TRANSPORTE DE MAT. 2ª CATEG. - C/ ESCAVADEIRA - (DT: 5.001 A 10.000M) | C44: m3 | D44: 42.1
A45: 40045 | B45: ESCAV., CARGA E TRANSP. 1ª CATEG. C/ CARREGADEIRA P/ PEQUENOS MOVIMENTOS DE TERRA - (DT: 51 A 200M) | C45: m3 | D45: 12.84
A46: 40046 | B46: ESCAV., CARGA E TRANSP. 1ª CATEG. C/ CARREGADEIRA P/ PEQUENOS MOVIMENTOS DE TERRA - (DT: 201 A 400M) | C46: m3 | D46: 13.68
A47: 40047 | B47: ESCAV., CARGA E TRANSP. 1ª CATEG. C/ CARREGADEIRA P/ PEQUENOS MOVIMENTOS DE TERRA - (DT: 401 A 600M) | C47: m3 | D47: 14.62
A48: 40048 | B48: ESCAV., CARGA E TRANSP. 1ª CATEG. C/ CARREGADEIRA P/ PEQUENOS MOVIMENTOS DE TERRA - (DT: 601 A 800M) | C48: m3 | D48: 15.4
A49: 40049 | B49: ESCAV., CARGA E TRANSP. 1ª CATEG. C/ CARREGADEIRA P/ PEQUENOS MOVIMENTOS DE TERRA - (DT: 801 A 1.000M) | C49: m3 | D49: 16.41
A50: 40050 | B50: ESCAV., CARGA E TRANSP. 1ª CATEG. C/ CARREGADEIRA P/ PEQUENOS MOVIMENTOS DE TERRA - (DT: 1.001 A 1.200M) | C50: m3 | D50: 17.02
A51: 40051 | B51: ESCAV., CARGA E TRANSP. 1ª CATEG. C/ CARREGADEIRA P/ PEQUENOS MOVIMENTOS DE TERRA - (DT: 1.201 A 1.400M) | C51: m3 | D51: 17.94
A52: 40052 | B52: ESCAV., CARGA E TRANSP. 1ª CATEG. C/ CARREGADEIRA P/ PEQUENOS MOVIMENTOS DE TERRA - (DT: 1.401 A 1.600M) | C52: m3 | D52: 18.39
A53: 40053 | B53: ESCAV., CARGA E TRANSP. 1ª CATEG. C/ CARREGADEIRA P/ PEQUENOS MOVIMENTOS DE TERRA - (DT: 1.601 A 1.800M) | C53: m3 | D53: 18.76
A54: 40054 | B54: ESCAV., CARGA E TRANSP. 1ª CATEG. C/ CARREGADEIRA P/ PEQUENOS MOVIMENTOS DE TERRA - (DT: 1.801 A 2.000M) | C54: m3 | D54: 19.89
... A77: 40081 | B77: ESCAV., CARGA E TRANSP. 3ª CATEG. C/ CARREGADEIRA - (DT: 1.201 A 1.400M) | C77: m3 | D77: 60.17
A78: SCO - Sistema de Custos e Orçamentos Página: 2 de 11
A79: Código Auxiliar | B79: Serviço | C79: Unidade | D79: Preço Unitário
A80: 40082 | B80: ESCAV., CARGA E TRANSP. 3ª CATEG. C/ CARREGADEIRA - (DT: 1.401 A 1.600M) | C80: m3 | D80: 60.78
A81: 40083 | B81: ESCAV., CARGA E TRANSP. 3ª CATEG. C/ CARREGADEIRA - (DT: 1.601 A 1.800M) | C81: m3 | D81: 62.85
A82: 40084 | B82: ESCAV., CARGA E TRANSP. 3ª CATEG. C/ CARREGADEIRA - (DT: 1.801 A 2.000M) | C82: m3 | D82: 63.49
A83: 40085 | B83: ESCAVAÇÃO, CARGA E TRANSPORTE DE SOLO MOLE - C/ ESCAVADEIRA - (DT: 000 A 200M) | C83: m3 | D83: 23.14
A84: 40086 | B84: ESCAVAÇÃO, CARGA E TRANSPORTE DE SOLO MOLE - C/ ESCAVADEIRA - (DT: 201 A 400M) | C84: m3 | D84: 24.14
A85: 40087 | B85: ESCAVAÇÃO, CARGA E TRANSPORTE DE SOLO MOLE - C/ ESCAVADEIRA - (DT: 401 A 600M) | C85: m3 | D85: 24.6
A86: 40088 | B86: ESCAVAÇÃO, CARGA E TRANSPORTE DE SOLO MOLE - C/ ESCAVADEIRA - (DT: 601 A 800M) | C86: m3 | D86: 25.32
A87: 40089 | B87: ESCAVAÇÃO, CARGA E TRANSPORTE DE SOLO MOLE - C/ ESCAVADEIRA - (DT: 801 A 1 .000M) | C87: m3 | D87: 27.42
A88: 40090 | B88: ESCAV. E CARGA 1ª CATEG. - SEM TRANSPORTE | C88: m3 | D88: 2.19
A89: 40091 | B89: ESCAV. E CARGA 2ª CATEG. - SEM TRANSPORTE | C89: m3 | D89: 3.32
A90: 40092 | B90: ESCAV. E CARGA 3ª CATEG. - SEM TRANSPORTE | C90: m3 | D90: 44.95
A91: 40094 | B91: TRANSPORTE LOCAL SOLO MOLE C/ BASCULANTE 6M³ - DMT>1,0KM | C91: m3km | D91: 5.13
... A102: 40145 | B102: ESPALHAMENTO DE MATERIAL EM BOTA-FORA | C102: m3 | D102: 2.12
A103: 100002 | B103: PAVIMENTAÇÃO
A104: 40305 | B104: ACABAMENTO E RECOMPOSIÇÃO DE JAZIDA | C104: m2 | D104: 0.43
A105: 40310 | B105: REGULARIZAÇÃO E COMPACTAÇÃO DO SUB-LEITO | C105: m2 | D105: 2.94
A106: 40315 | B106: ESCAVAÇÃO E CARGA DE MATERIAL DE JAZIDA | C106: m3 | D106: 4.65
A107: 40317 | B107: FORNECIMENTO DE MATERIAL DE JAZIDA (CASCALHO) | C107: m3 | D107: 22.56
A108: 40320 | B108: TRANSPORTE DE MATERIAL DE JAZIDA (CASCALHO) | C108: m3km | D108: 2.83
A109: 40325 | B109: TRANSPORTE DA MISTURA | C109: m3km | D109: 2.83
A110: 40335 | B110: ESTABILIZAÇÃO GRANULOMÉTRICA SEM MISTURA - REF.PROCTOR: 26 GOLPES (100 % P.I.) | C110: m3 | D110: 19.16
A111: 40336 | B111: ESTABILIZAÇÃO GRANULOMÉTRICA SEM MISTURA - REF.PROCTOR: 39 GOLPES (100 % P.IM.) | C111: m3 | D111: 21.57
A112: 40337 | B112: ESTABILIZAÇÃO GRANULOMÉTRICA SEM MISTURA - REF.PROCTOR: 55 GOLPES (100 % P.M.) | C112: m3 | D112: 24.07
A113: 40350 | B113: ESTABILIZAÇÃO SOLO-CIMENTO 2% PESO - PISTA | C113: m3 | D113: 55.09
A114: 40365 | B114: ESTABILIZAÇÃO SOLO-CIMENTO 6% PESO - USINA | C114: m3 | D114: 124.14
A115: 40370 | B115: ESTABILIZAÇÃO SOLO-CIMENTO 4% PESO - PISTA | C115: m3 | D115: 88.73
... A134: 40495 | B134: FORNECIMENTO DE EMULSÃO RR-2C COM POLÍMERO | C134: T | D134: 4281.86
A135: SCO - Sistema de Custos e Orçamentos Página: 3 de 11
A136: Código Auxiliar | B136: Serviço | C136: Unidade | D136: Preço Unitário
A137: 40500 | B137: FORNECIMENTO DE EMULSÃO RL-1C | C137: T | D137: 3637.7
A138: 40501 | B138: FORNECIMENTO DE EMULSÃO RL-1C COM POLÍMERO | C138: T | D138: 4025.78
A139: 40505 | B139: FORNECIMENTO DE EMULSÃO RM-1C | C139: T | D139: 4072.87
A140: 40510 | B140: FORNECIMENTO DE EMULSÃO RR-1C | C140: T | D140: 3394.06
A141: 40511 | B141: FORNECIMENTO DE EMULSÃO RC-1C COM POLÍMERO | C141: t | D141: 4606.98
A142: 40515 | B142: FORNECIMENTO DE CAP-60/85 COM POLÍMERO | C142: T | D142: 6295.73
A143: 40520 | B143: FORNECIMENTO DE CAP-30/45 | C143: t | D143: 4366.07
A144: 40525 | B144: FORNECIMENTO DE CAP-50/70 | C144: T | D144: 4479.15
A145: 40526 | B145: FORNECIMENTO DE CAP-BORRACHA - AB8 | C145: t | D145: 4890.8
A146: 40530 | B146: TRANSPORTE COMERCIAL DE MATERIAL BETUMINOSO | C146: tkm | D146: 1.83
A147: 40601 | B147: ESTABILIZAÇÃO SOLO AREIA 20% PESO - USINA (AC) | C147: m3 | D147: 62.66
A148: 40602 | B148: CONCRETO BETUMINOSO USINADO À QUENTE - CBUQ - FAIXA C | C148: m3 | D148: 482.07
... A169: 42498 | B169: USINAGEM DE CONCRETO BETUMINOSO USINADO À QUENTE - CBUQ - FAIXA B | C169: m3 | D169: 425.05
A170: 100004 | B170: DRENAGEM
A171: 41201 | B171: SARJETA TRIANGULAR DE CONCRETO - STC 150-30 | C171: m | D171: 96.17
A172: 41202 | B172: SARJETA TRIANGULAR DE CONCRETO - STC 125-25 | C172: m | D172: 80.23
A173: 41203 | B173: SARJETA TRIANGULAR DE CONCRETO - STC 100-20 | C173: m | D173: 64.54
A174: 41204 | B174: SARJETA TRIANGULAR DE CONCRETO - STC 80-15 | C174: m | D174: 51.72
A175: 41205 | B175: SARJETA TRIANGULAR DE CONCRETO - STC 150-32 | C175: m | D175: 98.81
A176: 41206 | B176: SARJETA TRIANGULAR DE CONCRETO - STC 125-27 | C176: m | D176: 82.64
A177: 41207 | B177: SARJETA TRIANGULAR DE CONCRETO - STC 100-21 | C177: m | D177: 66.06
A178: 41208 | B178: SARJETA TRIANGULAR DE CONCRETO - STC 80-17 | C178: m | D178: 53.35
A179: 41209 | B179: SARJETA TRIANGULAR DE CONCRETO - STC 108-25 | C179: m | D179: 75.18
A180: 41210 | B180: SARJETA TRIANGULAR DE CONCRETO - STC 88-20 | C180: m | D180: 60.8
A181: 41211 | B181: SARJETA TRIANGULAR DE CONCRETO - STC 73-15 | C181: m | D181: 49.3
A182: 41216 | B182: SARJETA TRIANGULAR DE GRAMA - STG 125-25 | C182: m | D182: 24.86
... A198: 41303 | B198: DRENO PROFUNDO, CORTE EM SOLO PVC - DPS01 (EXCETO ESCAVAÇÃO) (AC) | C198: m | D198: 127.83
A199: SCO - Sistema de Custos e Orçamentos Página: 4 de 11
A200: Código Auxiliar | B200: Serviço | C200: Unidade | D200: Preço Unitário
A201: 41304 | B201: DRENO PROFUNDO, CORTE EM SOLO PVC - DPS02 (EXCETO ESCAVAÇÃO) (AC) | C201: m | D201: 136.9
A202: 41305 | B202: DRENO PROFUNDO, CORTE EM SOLO PEAD - DPS11 (ANTIGO DPS03) (EXCETO ESCAVAÇÃO) (AC/BC) | C202: m | D202: 164.88
A203: 41306 | B203: DRENO PROFUNDO, CORTE EM SOLO PEAD - DPS12 (ANTIGO DPS04) (EXCETO ESCAVAÇÃO) (AC/BC) | C203: m | D203: 175.76
A204: 41307 | B204: DRENO CEGO, CORTE EM SOLO - DPS05 (EXCETO ESCAVAÇÃO) (BC) | C204: m | D204: 117.12
...
